 Dungeon Crawl Stone Soup version 0.29-a0-925-g0a7a3d12f8 (webtiles) character file.

Game seed: 2614012093062694724

561483 Plorgh the Tortoise (level 25, -2/161 (164) HPs)
             Began as a Demonspawn Chaos Knight on July 29, 2022.
             Was a Favourite Plaything of Xom.
             Killed from afar by an orb of fire (11 damage)
             ... with a fireball
             ... on level 2 of the Realm of Zot on July 30, 2022.
             The game lasted 06:33:28 (107051 turns).

Plorgh the Tortoise (Demonspawn Chaos Knight)     Turns: 107051, Time: 06:33:28

HP:   -2/161 (164)  AC: 26    Str: 34    XL:     25   Next: 36%
MP:   34/42         EV: 21    Int: 27    God:    Xom [*.....]
Gold: 3678          SH:  0    Dex: 15    Spells: 9/48 levels left

rFire   + + .      SeeInvis +   m - +8 demon trident (venom)
rCold   + . .      Faith    .   l - +10 tower shield of Foolhardiness {SInv}
rNeg    + + .      Spirit   .   a - quicksilver dragon scales
rPois   +          Reflect  +   (helmet unavailable)
rElec   +          Harm     .   M - +2 cloak {rCorr}
rCorr   +          Rampage  .   w - +0 pair of gloves of the Wilderness {rElec Stlth+}
Will    ++...                   K - +2 pair of boots of Focal {rN+}
Stlth   +++++.....              x - amulet of Mistrust {Reflect Str-2 Int+9 SH+5}
HPRegen 0.36/turn               t - ring "Samonoy" {rF+ rN+ Str+4}
MPRegen 0.28/turn               V - ring of Brilliance {rPois EV+4 Str+6 Int+4}

@: confused, about to teleport, resistant, very slightly contaminated, hasted,
studying 2 skills, lightly drained, unable to read, very quick
A: horns 3, thin skeletal structure 3, icemail 2, spiny 3, augmentation 3,
condensation shield, talons 1, clumsy 2, frail 2, high MP 1, mutation resistance
2, strong 1, inability to read while threatened 1
}: 3/15 runes: decaying, serpentine, slimy
a: Renounce Religion


You were on level 2 of the Realm of Zot.
You worshipped Xom.
You were a special plaything of Xom.
You visited 12 branches of the dungeon, and saw 54 of its levels.
You also visited: Sewer and Volcano.

You collected 7750 gold pieces.
You spent 4072 gold pieces at shops.

Inventory:

Hand Weapons
 m - a +8 demon trident of venom (weapon)
Armour
 a - quicksilver dragon scales (worn)
 l - the +10 tower shield of Foolhardiness (worn) {SInv}
   (You found it on level 1 of the Depths)

   SInv:      It lets you see invisible.
 w - the +0 pair of gloves of the Wilderness (worn) {rElec Stlth+}
   (You bought it in a shop on level 2 of the Orcish Mines)

   rElec:     It insulates you from electricity.
   Stlth:     It makes you more stealthy.
 K - the +2 pair of boots of Focal (worn) {rN+}
   (You found it on level 2 of the Snake Pit)

   rN:        It protects you from negative energy.
 L - the +9 scales of the Dragon King {rPois rF+ rC+ Will+}
   (You took it off a deep elf high priest on level 3 of the Elven Halls)

   rF:        It protects you from fire.
   rC:        It protects you from cold.
   rPois:     It protects you from poison.
   Will:      It increases your willpower.
 M - a +2 cloak of preservation (worn)
Jewellery
 b - the amulet "Zetwapir" {RegenMP rC+ Will++}
   (You took it off a deep elf demonologist on level 4 of the Depths)

   [amulet of magic regeneration]

   It increases your rate of magic regeneration.
   rC:        It protects you from cold.
   Will:      It greatly increases your willpower.
 t - the ring "Samonoy" (left hand) {rF+ rN+ Str+4}
   (You took it off a deep elf high priest on level 3 of the Elven Halls)

   [ring of positive energy]

   Str:       It affects your strength (+4).
   rF:        It protects you from fire.
   rN:        It protects you from negative energy.
 x - the amulet of Mistrust (around neck) {Reflect Str-2 Int+9 SH+5}
   (You took it off a deep elf blademaster on level 3 of the Elven Halls)

   [amulet of reflection]

   It reflects blocked missile attacks.
   Str:       It affects your strength (-2).
   Int:       It affects your intelligence (+9).
   SH:        It affects your SH (+5).
 H - a ring of positive energy
 J - the ring of Cefruos {Fly Int+4}
   (You took it off a deep elf annihilator on level 3 of the Elven Halls)

   [ring of flight]

   Int:       It affects your intelligence (+4).
   Fly:       It grants you flight.
 N - a ring of willpower
 V - the ring of Brilliance (right hand) {rPois EV+4 Str+6 Int+4}
   (You found it on level 1 of the Depths)

   [ring of evasion]

   EV:        It affects your evasion (+4).
   Str:       It affects your strength (+6).
   Int:       It affects your intelligence (+4).
   rPois:     It protects you from poison.
 W - a ring of protection from cold
 Z - a ring of protection from cold
Wands
 d - a wand of light (18)
 e - a wand of digging (4)
 z - a wand of polymorph (3)
 B - a wand of paralysis (7)
 F - a wand of iceblast (14)
 I - a wand of mindburst (37)
Scrolls
 i - 4 scrolls of brand weapon
 k - 10 scrolls of immolation
 p - 7 scrolls of amnesia
 q - 3 scrolls of magic mapping
 r - a scroll of fear
 u - 5 scrolls of fog
 v - 11 scrolls of vulnerability
 y - 2 scrolls of silence
 S - 5 scrolls of poison
 X - 5 scrolls of teleportation
Potions
 c - 6 potions of might
 f - a potion of magic
 g - 2 potions of cancellation
 h - 13 potions of lignification
 j - 11 potions of attraction
 n - 6 potions of mutation
 o - 8 potions of brilliance
 A - 11 potions of flight
 E - a potion of haste
 Q - 21 potions of curing
 R - 6 potions of resistance
 T - 9 potions of ambrosia
 U - 6 potions of invisibility
 Y - 4 potions of berserk rage
Miscellaneous
 s - a condenser vane
 D - a phantom mirror
 G - a tin of tremorstones (2/2)
 O - a box of beasts


   Skills:
 + Level 18.4 Fighting
 - Level 14.0 Polearms
 - Level 20.0 Armour
 - Level 14.0 Dodging
 - Level 8.0 Stealth
 - Level 18.0 Shields
 - Level 12.0 Spellcasting
 - Level 12.0 Conjurations
 - Level 14.0 Summonings
 - Level 3.0 Translocations
 - Level 4.0 Transmutations
 - Level 8.0 Air Magic
 - Level 10.0 Evocations


You had 9 spell levels left.
You knew the following spells:

 Your Spells              Type           Power      Damage    Failure   Level
a - Summon Mana Viper     Hex/Summ       52%        N/A       17%         5
b - Summon Cactus Giant   Summ           37%        N/A       5%          6
c - Blink                 Tloc           64%        N/A       4%          2
d - Summon Lightning Spi  Summ/Air       66%        N/A       1%          4
e - Irradiate             Conj/Tmut      28%        3d21      12%         5
f - Swiftness             Air            56%        N/A       1%          3
g - Magic Dart            Conj           100%       1d8       1%          1
h - Summon Guardian Gole  Hex/Summ       52%        N/A       1%          3
i - Lightning Bolt        Conj/Air       31%        1d48      4%          5
j - Summon Forest         Summ/Tloc      29%        N/A       10%         5

Your spell library contained the following spells:

 Spells                   Type           Power      Damage    Failure   Level
 Foxfire                  Conj/Fire      100%       2x1d9     1%          1
 Shock                    Conj/Air       100%       1d9       1%          1
 Searing Ray              Conj           100%       2d8       1%          2
 Static Discharge         Conj/Air       63%        3-11/arc  1%          2
 Beastly Appendage        Tmut           74%        N/A       2%          1
 Conjure Flame            Conj/Fire      48%        6-21      2%          3
 Dazzling Flash           Conj/Hex       96%        N/A       2%          3
 Iskenderun's Battlesphe  Conj           69%        2d12      2%          5
 Wereblood                Tmut           37%        N/A       3%          2
 Airstrike                Air            28%        0-9+      4%          4
 Iskenderun's Mystic Bla  Conj/Tloc      54%        2d12      4%          4
 Summon Ice Beast         Ice/Summ       52%        N/A       6%          4
 Passwall                 Tmut/Erth      22%        N/A       8%          2
 Flame Wave               Conj/Fire      48%        2d12      10%         4
 Fulminant Prism          Conj/Hex       24%        3d13      10%         4
 Hailstorm                Conj/Ice       48%        3d11      10%         4
 Sticky Flame             Conj/Fire      48%        2d7       10%         4
 Freeze                   Ice            64%        1d8       11%         1
 Necrotise                Necr           64%        1d7       11%         1
 Spider Form              Tmut/Pois      27%        N/A       14%         3
 Ensorcelled Hibernation  Hex/Ice        32%        N/A       17%         2
 Sublimation of Blood     Necr           16%        N/A       17%         2
 Portal Projectile        Hex/Tloc       48%        N/A       19%         3
 Ignite Poison            Fire/Tmut/Pois 23%        N/A       21%         3
 Freezing Cloud           Conj/Ice/Air   25%        6-21      21%         5
 Fireball                 Conj/Fire      24%        3d11      26%         5
 Conjure Ball Lightning   Conj/Air       31%        3x3d10    28%         6
 Summon Hydra             Summ           37%        N/A       30%         7
 Frozen Ramparts          Ice            32%        1d5       32%         3
 Inner Flame              Hex/Fire       16%        N/A       32%         3
 Ozocubu's Armour         Ice            16%        N/A       32%         3
 Tukima's Dance           Hex            16%        N/A       32%         3
 Vampiric Draining        Necr           16%        2d7       32%         3
 Passage of Golubria      Tloc           32%        N/A       32%         4
 Corpse Rot               Necr/Pois/Air  30%        N/A       36%         4
 Spellforged Servitor     Conj/Summ      36%        N/A       41%         7
 Ice Form                 Ice/Tmut       27%        N/A       43%         4
 Blade Hands              Tmut           18%        N/A       52%         5
 Silence                  Hex/Air        18%        N/A       52%         5
 Orb of Destruction       Conj           34%        9d10      56%         7
 Manifold Assault         Tloc           32%        N/A       65%         5
 Anguish                  Hex/Necr       8%         N/A       73%         4
 Cause Fear               Hex            8%         N/A       73%         4
 Dispel Undead            Necr           16%        3d10      73%         4
 Leda's Liquefaction      Hex/Erth       8%         N/A       73%         4
 Alistair's Intoxication  Tmut/Pois      18%        N/A       80%         5
 Iron Shot                Conj/Erth      24%        9d5       82%         6
 Starburst                Conj/Fire      24%        6d8       82%         6
 Summon Horrible Things   Summ           37%        N/A       93%         8
 Malign Gateway           Summ/Tloc      29%        N/A       96%         7
 Agony                    Necr           16%        N/A       97%         5
 Lee's Rapid Deconstruct  Erth           8%         3d8*      97%         5
 Metabolic Englaciation   Hex/Ice        8%         N/A       97%         5
 Dispersal                Tloc           16%        N/A       99%         6
 Death Channel            Necr           8%         N/A       100%        6
 Simulacrum               Ice/Necr       8%         N/A       100%        6
 Statue Form              Tmut/Erth      18%        N/A       100%        6
 Dragon Form              Tmut           18%        N/A       100%        7
 Enfeeble                 Hex            8%         N/A       100%        7
 Ozocubu's Refrigeration  Ice            8%         4d6       100%        7
 Storm Form               Tmut/Air       24%        N/A       100%        7
 Discord                  Hex            8%         N/A       100%        8
 Disjunction              Tloc           16%        N/A       100%        8
 Ignition                 Fire           8%         3d5       100%        8
 Lehudib's Crystal Spear  Conj/Erth      24%        10d7      100%        8
 Maxwell's Capacitive Co  Air            28%        ∞         100%        8
 Dragon's Call            Summ           37%        N/A       100%        9
 Polar Vortex             Ice            8%         N/A       100%        9


Dungeon Overview and Level Annotations

Branches:
Dungeon (15/15)            Temple (1/1) D:5            Lair (5/5) D:11
  Swamp (4/4) Lair:2        Snake (4/4) Lair:2        Slime (5/5) Lair:4
    Orc (2/2) D:9             Elf (3/3) Orc:2        Vaults (4/5) D:13
  Crypt (2/3) Vaults:3     Depths (4/4) D:15            Zot (5/5) Depths:4
  Sewer (visited)         Volcano (visited)

Altars:
Ashenzari
Cheibriados
Dithmenos
Fedhas
Gozag
Hepliaklqana
Kikubaaqudgha
Makhleb
Nemelex Xobeh
Okawaru
Qazlal
Ru
Sif Muna
Trog
Uskayaw
Vehumet
Wu Jian
Xom
Yredelemnul
Jiyva

Shops:
D:7 =   Orc:2 [*   Snake:1 (   Snake:2 (=:=   Snake:3 [   Snake:4 :
Vaults:2 =[(   Vaults:4 *   Depths:2 [   Depths:3 (   Depths:4 (

Portals:
Hell: Depths:1 Depths:2 Depths:3 Depths:4
Abyss: Depths:1 Depths:2 Depths:3 Depths:4
Pandemonium: Depths:2
Ziggurat: Depths:1
Trove: Vaults:1 (give +3 storm dragon scales)

Annotations:
Snake:4 3 runed translucent doors, Obro's ghost, adept DrTm
Vaults:1 2 transporters, exclusion: obsidian statue


Innate Abilities, Weirdness & Mutations

You have a pair of large horns on your head.
You have an unnaturally thin skeletal structure. (Dex +6, Stealth+++)
A meltable icy envelope protects you from harm. (AC +0)
You are completely covered in sharp spines.
Your magical and physical power is greatly enhanced at high health.
A meltable shield of frost defends you. (SH +0)
You have sharp toenails.
You are very clumsy. (Dex -4)
You are very frail. (-20% HP)
You have an increased reservoir of magic. (+10% MP)
You are somewhat resistant to both further mutation and mutation removal.
Your muscles are strong. (Str +4, Int/Dex -1)
You occasionally lose the ability to read scrolls when taking damage.


Message History

Casting: Blink (safe; 4% risk of failure)
Confirm with . or Enter, or press ? or * to list all spells.
Okay, then.
You feel protected.
You feel yourself speed up.
You feel stable enough to blink again.
The orb of fire glows red.
Strange energies course through your body.
You feel odd for a moment.
Unknown command.
As you read the scroll of teleportation, it crumbles to dust.
You feel strangely unstable.
You feel the Orb delaying your translocation!
Unknown command.
Your lightning spire disappears in a puff of smoke!
Unknown command.
The orb of fire glows deep purple.
The bolt of fire hits you! You resist.
Unknown command.
The orb of fire glows bright magenta.
The fireball explodes!
The fireball engulfs you!! You resist.
You feel threatened and lose the ability to read scrolls!
* * * LOW HITPOINT WARNING * * *
Unknown command.
Unknown command.
Xom's power touches on your mind for a moment.
You are confused.
The shadow imp looks rather confused.
The shadow imp hits the nameless horror.
Unknown command.
Unknown command.
You're too confused to move!
The orb of fire glows bright magenta.
The bolt of fire hits you!! You resist.
* * * LOW HITPOINT WARNING * * *
Unknown command.
The orb of fire glows bright magenta.
The fireball explodes!
The fireball engulfs you! You resist.
You die...
Xom laughs nastily!

###...#....#
##...##..##...#...
######...#########...#..^.....
#.....#..# #.......#...#
###....##..#######......#####
#.....##..(.##...##...###5.##
#....##....##.....##..##...#
#.........##.......####)>..##
##.###...###(......###..[.##.
### #.....'@.....*5X5)§.##..
##....##.....##.).......
##....##...##...)#####.
##....#######......#..
#.....####.##.....###
###.....#...#........
##........####....#
#.......###.....##
####...####....##.


You could see an orb of fire and a quasit (summoned).

Vanquished Creatures
  the Royal Jelly (Slime:5)
  An ancient lich (Crypt:2)
  Mara (Vaults:3)
  Margery (Vaults:2)
  3 Killer Klowns
  Saint Roka (Depths:1)
  A curse toe (Zot:4)
  6 golden dragons
  A bone dragon (Depths:1)
  A Tzitzimitl (Depths:1)
  2 doom hounds (Depths:2)
  5 liches
  10 tentacled monstrosities
  A hellephant (Depths:1)
  3 deep elf blademasters
  Zenata (Vaults:1)
  The ghost of Aram the Tortoise, an adept PaMo of Okawaru (Vaults:2)
  Grunn (Depths:3)
  The ghost of Peppero the Warrior, an adept DjCj of Ashenzari (Swamp:2)
  4 ancient champions
  2 deep elf master archers (Elf:3)
  26 acid blobs
  4 quicksilver dragons
  Frances (Elf:1)
  4 death cobs
  A tengu reaver (Depths:1)
  4 shadow dragons
  6 sphinxes
  Kirke (D:14)
  The ghost of Sergey the Unseen, an adept KoGl of Wu Jian (Orc:2)
  10 storm dragons
  Donald (Vaults:2)
  12 nagarajas
  A draconian monk (Zot:4)
  A fenstrider witch (Swamp:2)
  14 azure jellies
  13 rockslimes
  3 revenants
  6 fire giants
  10 deep elf sorcerers
  The ghost of manyhoops the Black Belt, a journeyman DgTm (Lair:3)
  4 draconian scorchers
  3 frost giants (Depths:1)
  2 orc warlords
  A ghost moth (Zot:4)
  Aizul (Swamp:1)
  A cacodemon (Depths:1)
  4 draconian shifters
  3 deep elf elementalists (Elf:3)
  4 ghouls
  10 ironbound preservers
  The ghost of wilfster70 the Skirmisher, a journeyman DsBe of Trog (Orc:2)
  7 vault wardens
  2 angels (Zot:3)
  A curse skull (Vaults:3)
  3 reapers
  3 draconian stormcallers
  2 war gargoyles (Vaults:3)
  5 draconian annihilators
  10 stone giants
  10 very ugly things
  8 ironbound thunderhulks
  16 quicksilver oozes
  2 spriggan defenders
  The ghost of qborf the Scorcher, a journeyman DEFE of Gozag (Lair:4)
  2 green draconians
  7 deep elf demonologists
  A vampire knight (Depths:3)
  4 black draconians
  7 eleionomae
  11 deep elf annihilators (Elf:3)
  5 yellow draconians
  Azrael (Elf:2)
  4 purple draconians
  4 dire elephants
  2 putrid mouths (Depths:2)
  2 entropy weavers
  2 white draconians
  3 red draconians
  The ghost of Enfaeutchie the Scholar of Death, a journeyman DEHW of Kikubaaqudgha (Orc:2)
  3 bunyips
  A minotaur (Zot:5)
  4 crystal guardians
  2 green deaths (Depths:1)
  An eidolon (Crypt:2)
  The ghost of heinrich the Carver, a journeyman GnCA of Ignis (D:11)
  4 fire dragons
  Snorg (D:10)
  5 jiangshi
  2 deep elf death magi
  5 ettins
  11 yaktaur captains
  5 rakshasas
  4 shambling mangroves
  6 deep elf high priests
  7 great orbs of eyes
  3 salamander tyrants
  4 boulder beetles
  3 spriggan air magi
  The ghost of Ogauff the Unseen, a journeyman FeFi of Okawaru (Swamp:1)
  A vault guard (D:13)
  A caustic shrike simulacrum (Crypt:1)
  11 centaur warriors
  20 hydras
  7 ice dragons
  A jorogumo (D:9)
  3 two-headed ogres
  4 peacekeepers
  A ghost crab (Swamp:3)
  28 naga warriors
  6 ironbound frosthearts
  8 anacondas
  7 deep troll earth magi
  18 dancing weapons
  11 alligators
  2 deep troll shamans
  8 hell hogs (Depths:1)
  8 orc high priests
  4 vampire magi
  8 spriggan berserkers
  2 death knights (Crypt:1)
  A titan zombie (Crypt:2)
  11 naga sharpshooters
  5 tengu warriors
  5 shock serpents
  Urug (Lair:4)
  A soul eater (Vaults:3)
  A shock serpent (shapeshifter) (D:15)
  Sonja (Lair:1)
  10 hell knights
  15 deep elf knights
  A sun demon (Volcano)
  3 salamander mystics
  Nergalle (D:11)
  2 sea snakes (Snake:3)
  5 iron trolls
  A death drake (Swamp:1)
  2 storm dragon zombies
  19 skeletal warriors
  2 anaconda zombies (Crypt:1)
  2 flayed ghosts
  12 naga ritualists
  2 shadow demons (Depths:4)
  51 deep trolls
  6 spriggan druids
  7 swamp dragons
  8 goliath frogs
  3 glowing orange brains
  13 orc knights
  7 bog bodies
  8 lindwurms
  5 phantasmal warriors
  7 necromancers
  5 wizards
  Pikel (D:8)
  12 deep elf archers
  9 ironbound convokers
  A bunyip skeleton (Crypt:1)
  7 orc sorcerers
  4 harpies
  11 deep elf zephyrmancers
  A broodmother zombie (Crypt:1)
  24 ugly things
  2 wolf spiders
  3 shining eyes
  5 will-o-the-wisps
  7 manticores
  22 deep elf pyromancers
  6 mana vipers
  23 salamanders
  A tengu zombie (Depths:1)
  94 slime creatures
  11 cyclopes
  2 oklob plants
  8 vault sentinels
  2 sphinx skeletons
  13 moths of wrath
  13 guardian serpents
  2 rust devils
  5 elephants
  A naga zombie (Crypt:1)
  2 molten gargoyles (Volcano)
  A black mamba (shapeshifter) (D:15)
  A water nymph (Vaults:4)
  3 stone giant skeletons (Vaults:3)
  A centaur zombie (D:15)
  4 eyes of devastation
  32 black mambas
  Maurice (D:8)
  A dire elephant zombie (Crypt:1)
  10 naga magi
  2 guardian serpents (shapeshifter) (D:8)
  2 cane toads (shapeshifter) (D:13)
  21 cane toads
  2 centaur skeletons (D:15)
  An unseen horror (Depths:4)
  2 kobold demonologists (Depths:4)
  5 komodo dragons
  2 freezing wraiths
  2 tengu conjurers
  A torpor snail (Lair:1)
  2 rime drakes (Lair:4)
  45 yaktaurs
  A steelbarb worm zombie (Crypt:1)
  A guardian mummy (Vaults:1)
  2 efreet
  2 red devils
  A white draconian skeleton (Crypt:2)
  2 harpy zombies
  A bloated husk (Swamp:1)
  4 tormentors
  4 meliai
  14 tyrant leeches
  A queen bee (Lair:4)
  3 trolls
  A wind drake (shapeshifter) (D:9)
  26 hornets
  3 polar bears
  A raiju (Vaults:4)
  7 dream sheep
  A spriggan zombie (Depths:1)
  13 blink frogs
  A meliai zombie (D:15)
  2 harpy skeletons (Crypt:1)
  An ice dragon zombie (Crypt:1)
  Sigmund (D:5)
  A spriggan skeleton (Depths:1)
  9 flying skulls
  4 small abominations (Depths:4)
  3 water elementals
  A deep troll skeleton (Vaults:3)
  74 yaks
  23 spriggans
  5 air elementals
  6 fire bats
  7 wraiths
  An ettin skeleton (Crypt:1)
  A ynoxinul (Depths:2)
  A vampire (D:10)
  4 wyverns
  3 nameless horrors
  A dire elephant simulacrum (Crypt:1)
  8 large abominations (Depths:4)
  8 basilisks
  5 chaos spawn
  5 fire elementals
  A hog (shapeshifter) (D:10)
  7 golden eyes (Slime:1)
  A golden eye (shapeshifter) (Zot:3)
  A redback (Vaults:4)
  7 hogs
  A steam dragon (D:9)
  A basilisk (shapeshifter) (Depths:4)
  Menkaure (D:6)
  18 vampire mosquitoes
  5 wargs
  38 nagas
  23 swamp worms
  30 water moccasins
  An ogre skeleton (Vaults:3)
  2 hell hounds (Volcano)
  3 glowing shapeshifter skeletons (Vaults:3)
  7 black bears
  4 human skeletons (Vaults:3)
  A merfolk skeleton (Crypt:1)
  26 orc warriors
  14 swamp drakes
  5 ogres
  2 ice beasts
  3 sky beasts
  5 centaurs
  A golden eye zombie (Crypt:2)
  19 wolves
  9 boggarts
  2 phantoms (D:5)
  A torpor snail zombie (Crypt:2)
  A lindwurm skeleton (Crypt:2)
  A swamp dragon skeleton (Crypt:1)
  2 kobold brigands
  14 bullfrogs
  2 necrophages
  3 scorpions
  4 earth elementals
  2 gnoll sergeants (D:8)
  A wight (D:9)
  Dowan (D:7)
  6 killer bees
  5 electric eels
  4 howler monkeys
  2 crimson imps
  6 lava snakes (Volcano)
  4 hounds
  A jelly (D:7)
  Crazy Yiuf (D:5)
  13 orc priests
  2 gnoll boudas
  15 orc wizards
  7 iguanas
  20 gnolls
  24 adders
  A shadow imp (D:5)
  4 white imps
  2 ufetubi
  2 worms
  A dart slug (D:3)
  68 orcs
  14 ball pythons
  13 endoplasms
  13 giant cockroaches
  6 goblins
  6 hobgoblins
  10 kobolds
  12 quokkas
  8 bats
  11 frilled lizards
  2 goblin zombies (D:8)
  A hobgoblin zombie (D:8)
  2 kobold skeletons (D:8)
  2 kobold zombies (D:8)
  4 orc skeletons
  3 orc zombies (D:8)
  7 rats
  A rat skeleton (Crypt:1)
2052 creatures vanquished.

Vanquished Creatures (collateral kills)
  A golden dragon (Depths:4)
  Asterion (Elf:2)
  A quicksilver dragon (Zot:4)
  An acid blob (Slime:5)
  A sphinx (Depths:3)
  3 ancient champions
  Agnes (D:14)
  2 shadow dragons (Zot:1)
  A draconian monk (Depths:4)
  An azure jelly (Slime:2)
  A nagaraja (Snake:4)
  2 rockslimes
  A draconian knight (Zot:3)
  An orc warlord (Orc:2)
  2 draconian scorchers
  An angel (Zot:3)
  A very ugly thing (Depths:4)
  2 draconian stormcallers
  2 quicksilver oozes
  A broodmother (Depths:3)
  A stone giant (Depths:3)
  17 slime creatures
  A deep elf demonologist (Depths:4)
  2 purple draconians
  A green draconian (Zot:2)
  4 white draconians
  2 yellow draconians
  2 dire elephants (Vaults:4)
  A great orb of eyes (Slime:5)
  A deep troll shaman (Depths:3)
  A vampire mage (Crypt:2)
  A deep troll earth mage (Depths:3)
  3 spriggans
  An iron troll (Depths:3)
  3 skeletal warriors
  2 deep trolls (Depths:3)
  A flayed ghost (Crypt:1)
  A naga ritualist (Depths:1)
  2 necromancers
  A shining eye (Slime:3)
  A mana viper (Depths:1)
  A cyclops (D:15)
  A naga mage (Depths:1)
  A freezing wraith (Crypt:1)
  A tyrant leech (Swamp:1)
  3 hornets
  An air elemental (Elf:2)
  A yak (Lair:4)
  A fire elemental (Elf:2)
  4 golden eyes (Slime:1)
  Eustachio (D:5)
  A vampire mosquito (Lair:5)
  Duvessa (D:7)
  A two-headed ogre skeleton (Crypt:1)
  2 orc warriors (Orc:2)
  3 orcs (Orc:2)
99 creatures vanquished.

Vanquished Creatures (others)
  A revenant (Crypt:2)
  A draconian monk (Zot:3)
  3 azure jellies (Slime:5)
  A nagaraja (Snake:4)
  An angel (Zot:3)
  2 quicksilver oozes (Slime:5)
  A white draconian (Zot:3)
  A hydra (Swamp:3)
  3 dancing weapons
  2 spriggans (Swamp:3)
  2 goliath frogs (Swamp:3)
  2 deep elf zephyrmancers (Elf:1)
  A deep elf pyromancer (D:10)
  A salamander (Snake:4)
  A naga mage (Snake:4)
  A tengu conjurer (Depths:2)
  3 bloated husks
  A tyrant leech (Swamp:1)
  A hornet (Swamp:3)
  A water elemental (Elf:1)
  A killer bee (Lair:4)
  2 orc wizards (Orc:2)
  An orc (D:9)
  7 bushes (D:15)
  19 foxfires
  33 fungi
  5 pillars of salt (Zot:3)
  122 plants
  4 withered plants (Orc:2)
224 creatures vanquished.

Grand Total: 2375 creatures vanquished

Notes
Turn   | Place    | Note
-------+----------+-------------------------------------------
     0 | D:1      | Plorgh the Demonspawn Chaos Knight began the quest for the
                  | Orb.
     0 | D:1      | Reached XP level 1. HP: 18/18 MP: 1/1
   203 | D:1      | XOM: silly message
   377 | D:1      | Gained mutation: You have a pair of small horns on your
                  | head. [demonic ancestry]
   377 | D:1      | Reached XP level 2. HP: 24/24 MP: 2/2
   521 | D:1      | XOM: give mutations
   521 | D:1      | Gained mutation: You have a pair of horns on your head.
                  | [Xom's grace]
   521 | D:1      | Gained mutation: You have a pair of large horns on your
                  | head. [Xom's grace]
   521 | D:1      | Gained mutation: You have an increased reservoir of magic.
                  | (+10% MP) [Xom's grace]
  1037 | D:2      | Reached XP level 3. HP: 24/29 MP: 3/3
  1048 | D:2      | Found a faded altar of an unknown god.
  1048 | D:2      | XOM: 2-stop teleportation journey
  1271 | D:2      | XOM: cleaving
  1613 | D:2      | Gained mutation: You are partially covered in sharp spines.
                  | [demonic ancestry]
  1613 | D:2      | Reached XP level 4. HP: 25/35 MP: 4/4
  2292 | D:3      | XOM: god gift: 6 atropa-tipped darts
  2304 | D:3      | Found a glowing drain.
  2305 | D:3      | XOM: 1-stop teleportation journey
  2328 | D:3      | Identified the +4 whip of Upheaval {antimagic, *Noise rC+
                  | Int+8 Stlth-}
  2345 | D:3      | XOM: cast spell 'Dispersal'
  2365 | Sewer    | Entered a sewer
  2433 | Sewer    | Reached skill level 5 in Polearms
  2434 | Sewer    | Reached skill level 2 in Armour
  2438 | Sewer    | Reached XP level 5. HP: 41/41 MP: 5/5
  2639 | Sewer    | Reached skill level 3 in Armour
  2658 | Sewer    | Reached skill level 4 in Armour
  2658 | Sewer    | Reached XP level 6. HP: 35/47 MP: 6/6
  3328 | D:3      | XOM: give mutation
  3328 | D:3      | Gained mutation: You are clumsy. (Dex -2) [Xom's mischief]
  3368 | D:3      | XOM: cast spell 'Summon Small Mammal'
  3671 | D:4      | Found a burning altar of Makhleb.
  4075 | D:4      | XOM: smoke on damage
  4095 | D:4      | XOM: silly message
  4183 | D:5      | Entered Level 5 of the Dungeon
  4183 | D:5      | Noticed an ice beast
  4192 | D:5      | Killed an ice beast
  4193 | D:5      | Reached skill level 5 in Armour
  4193 | D:5      | Gained mutation: You have a somewhat thin skeletal
                  | structure. (Dex +2, Stealth+) [demonic ancestry]
  4193 | D:5      | Reached XP level 7. HP: 47/54 MP: 7/7
  4243 | D:5      | XOM: divination: detect items
  4248 | D:5      | Noticed Sigmund
  4266 | D:5      | Killed Sigmund
  4267 | D:5      | Reached skill level 6 in Armour
  4465 | D:5      | Found a shimmering blue altar of Sif Muna.
  4493 | D:5      | Reached skill level 7 in Armour
  4493 | D:5      | Noticed Eustachio
  4503 | D:5      | XOM: divination: detect items
  4508 | D:5      | Reached skill level 1 in Evocations
  4508 | D:5      | Gained mutation: You are mostly covered in sharp spines.
                  | [demonic ancestry]
  4508 | D:5      | Reached XP level 8. HP: 41/60 MP: 8/8
  4514 | D:5      | XOM: smoke on damage
  4519 | D:5      | Killed Eustachio
  4817 | D:5      | XOM: divination: detect items
  4821 | D:5      | Reached skill level 5 in Fighting
  5000 | D:5      | Found a runed translucent door.
  5001 | D:5      | Noticed Crazy Yiuf
  5021 | D:5      | Found a staircase to the Ecumenical Temple.
  5135 | D:5      | XOM: silly message
  5165 | D:5      | XOM: potion effect (invisibility)
  5324 | D:5      | XOM: silly message
  5378 | Temple   | Entered the Ecumenical Temple
  5738 | D:5      | Killed Crazy Yiuf
  6034 | D:6      | Found Itiuth's Magic Scroll Boutique.
  6040 | D:6      | Bought a scroll of teleportation for 33 gold pieces
  6040 | D:6      | Bought a scroll of teleportation for 33 gold pieces
  6048 | D:6      | Bought a scroll of enchant armour for 82 gold pieces
  6048 | D:6      | Bought a scroll of enchant armour for 82 gold pieces
  6085 | D:6      | XOM: silly message
  6270 | D:6      | XOM: divination: magic mapping
  6273 | D:6      | Mutation became permanent: You have a pair of horns on your
                  | head. [demonic ancestry]
  6273 | D:6      | Gained mutation: You have a pair of large horns on your
                  | head. [demonic ancestry]
  6273 | D:6      | Reached XP level 9. HP: 69/69 MP: 9/9
  6294 | D:6      | XOM: divination: magic mapping
  6358 | D:6      | XOM: smoke on damage
  6421 | D:6      | Found a radiant altar of Vehumet.
  6519 | D:6      | XOM: silly message
  6596 | D:6      | XOM: silly message
  6722 | D:7      | Found a huge runed translucent gate.
  6724 | D:7      | Noticed a manticore
  6728 | D:7      | Found Quagh's Jewellery Shop.
  6731 | D:7      | XOM: noise
  7164 | D:7      | Reached skill level 1 in Dodging
  7229 | D:7      | Noticed Duvessa
  7229 | D:7      | Noticed Dowan
  7251 | D:7      | XOM: potion effect (haste)
  7255 | D:7      | XOM: confusion
  7256 | D:7      | XOM: 2-stop teleportation journey
  7293 | D:7      | XOM: chaos upgrade
  7299 | D:7      | Killed Dowan
  7299 | D:7      | XOM: summons friendly white imp
  7317 | D:7      | Killed Duvessa
  7537 | D:7      | Noticed Menkaure
  8026 | D:6      | Killed Menkaure
  8054 | D:7      | Reached skill level 5 in Evocations
  8231 | D:7      | XOM: summons 5 hostile demons
  8232 | D:7      | Noticed an orange demon
  8276 | D:7      | Found a huge runed translucent gate.
  8276 | D:7      | Found a huge runed translucent gate.
  8276 | D:7      | Found a huge runed translucent gate.
  8276 | D:7      | Noticed a polar bear
  8277 | D:7      | Noticed a polar bear
  8673 | D:8      | XOM: summons 1 hostile demon
  8841 | D:8      | Noticed Maurice
  9171 | D:8      | Noticed Pikel
  9177 | D:8      | Killed Pikel
  9178 | D:8      | Mutation became permanent: You have a pair of horns on your
                  | head. [demonic ancestry]
  9178 | D:8      | Gained mutation: You have a pair of large horns on your
                  | head. [demonic ancestry]
  9178 | D:8      | Reached XP level 10. HP: 69/79 MP: 11/11
  9396 | D:8      | XOM: stat loss: -1 Int (12/13)
  9414 | D:8      | Noticed a two-headed ogre
  9416 | D:8      | Noticed a glowing shapeshifter
  9416 | D:8      | a two-headed ogre changed into a glowing shapeshifter
  9416 | D:8      | XOM: polymorph two-headed ogre -> glowing shapeshifter
  9416 | D:8      | Noticed a sea snake
  9416 | D:8      | a glowing shapeshifter changed into a sea snake
  9418 | D:8      | Noticed a lindwurm
  9418 | D:8      | a sea snake changed into a lindwurm
  9419 | D:8      | Noticed a guardian serpent
  9419 | D:8      | a lindwurm changed into a guardian serpent
  9420 | D:8      | Killed a guardian serpent
  9656 | D:8      | XOM: summons 1 hostile demon
  9658 | D:8      | Reached skill level 1 in Spellcasting
  9671 | D:8      | XOM: draining
  9675 | D:8      | Noticed a guardian serpent
  9675 | D:8      | a shapeshifter changed into a guardian serpent
  9680 | D:8      | Killed a guardian serpent
  9684 | D:8      | XOM: summons 2 hostile demons
  9685 | D:8      | Noticed a smoke demon
  9691 | D:8      | XOM: confusion
  9695 | D:8      | Reached skill level 1 in Stealth
  9703 | D:8      | XOM: blink monster(s)
  9984 | D:8      | XOM: 5-stop teleportation journey
 10156 | D:8      | Killed Maurice
 10320 | D:9      | Found a staircase to the Orcish Mines.
 10772 | D:9      | XOM: summons friendly iron imp
 11343 | D:9      | XOM: destruction
 11568 | D:9      | XOM: cloud trail
 11617 | D:9      | Noticed a glowing shapeshifter
 11617 | D:9      | an acid dragon changed into a glowing shapeshifter
 11617 | D:9      | Noticed a shining eye
 11617 | D:9      | a glowing shapeshifter changed into a shining eye
 11618 | D:9      | Noticed a cyclops
 11618 | D:9      | a shining eye changed into a cyclops
 11618 | D:9      | Noticed a cyclops
 11618 | D:9      | Noticed a green ugly thing
 11621 | D:9      | Noticed a steelbarb worm
 11621 | D:9      | a cyclops changed into a steelbarb worm
 11622 | D:9      | Noticed a moth of wrath
 11622 | D:9      | a steelbarb worm changed into a moth of wrath
 11622 | D:9      | Noticed a manticore
 11691 | D:9      | Killed a cyclops
 11708 | D:9      | Noticed a cyclops
 11709 | D:9      | a cyclops changed into a wind drake
 11718 | D:9      | XOM: summons friendly quasit
 11770 | D:9      | Killed a manticore
 11771 | D:9      | Gained mutation: You have a moderately thin skeletal
                  | structure. (Dex +4, Stealth++) [demonic ancestry]
 11771 | D:9      | Reached XP level 11. HP: 62/86 MP: 17/17
 11920 | D:9      | Noticed a green ugly thing
 11921 | D:9      | Noticed a green ugly thing
 11954 | D:9      | Killed a green ugly thing
 12110 | D:9      | Killed a green ugly thing
 12111 | D:9      | Reached skill level 10 in Polearms
 12116 | D:9      | XOM: summons friendly white imp
 12133 | D:8      | Killed a green ugly thing
 12244 | D:8      | XOM: scenery: summon butterflies
 12249 | D:9      | XOM: god gift: box of beasts
 12393 | D:9      | XOM: give mutations
 12393 | D:9      | Gained mutation: You are strong-willed. (Will+) [Xom's
                  | grace]
 12393 | D:9      | Gained mutation: You are resistant to electric shocks.
                  | (rElec) [Xom's grace]
 12393 | D:9      | Gained mutation: You have hidden genetic potential. [Xom's
                  | grace]
 12393 | D:9      | Gained mutation: Your muscles are strong. (Str +4, Int/Dex
                  | -1) [Xom's grace]
 12491 | D:9      | Noticed a boulder beetle
 12514 | D:9      | XOM: butterfly on damage
 12516 | D:9      | Killed a boulder beetle
 12583 | D:9      | XOM: scenery: summon butterflies
 12725 | D:9      | Reached skill level 5 in Spellcasting
 13031 | D:9      | XOM: give mutations
 13031 | D:9      | Lost mutation: You are clumsy. (Dex -2) [Xom's mischief]
 13031 | D:9      | Gained mutation: You are frail. (-10% HP) [Xom's mischief]
 13031 | D:9      | Gained mutation: You occasionally lose the ability to read
                  | scrolls when taking damage. [Xom's mischief]
 13158 | D:9      | XOM: enchant monster (bad)
 13310 | D:10     | Entered Level 10 of the Dungeon
 13310 | D:10     | Noticed a red ugly thing
 13311 | D:10     | Noticed an orc knight
 13311 | D:10     | Noticed a deep elf pyromancer
 13318 | D:10     | Noticed an orc knight
 13323 | D:9      | Killed a red ugly thing
 13581 | D:10     | Found a blossoming altar of Fedhas.
 13581 | D:10     | Found a stormy altar of Qazlal.
 13583 | D:10     | Noticed a two-headed ogre
 13615 | D:10     | XOM: scenery: create altars
 13621 | D:10     | XOM: noise
 13660 | D:10     | XOM: 3-stop teleportation journey
 13668 | D:10     | Reached skill level 10 in Fighting
 13673 | D:10     | Noticed a deep elf pyromancer
 13981 | D:10     | XOM: destruction
 13989 | D:10     | XOM: polymorph basilisk -> cane toad
 14006 | D:10     | Reached skill level 8 in Armour
 14013 | D:10     | XOM: cleaving
 14015 | D:10     | XOM: polymorph yak -> yaktaur
 14505 | D:10     | XOM: enchant monster (bad)
 14508 | D:10     | XOM: polymorph yak -> salamander
 14517 | D:10     | XOM: noise
 14529 | D:10     | Killed a two-headed ogre
 14530 | D:10     | Reached skill level 9 in Armour
 14530 | D:10     | Gained mutation: You are completely covered in sharp
                  | spines. [demonic ancestry]
 14530 | D:10     | Reached XP level 12. HP: 64/87 MP: 17/21
 14655 | D:10     | XOM: summons 1 hostile shadow creature
 14660 | D:10     | XOM: summons 6 hostile demons
 15007 | D:10     | XOM: 1-stop teleportation journey
 15127 | D:10     | Gained mutation: You have an unnaturally thin skeletal
                  | structure. (Dex +6, Stealth+++) [hidden potential]
 15241 | D:10     | Noticed Snorg
 15249 | D:10     | XOM: stat loss: -1 Str (20/21)
 15368 | D:10     | XOM: polymorph cyclops -> orb spider
 15378 | D:10     | Noticed a jorogumo
 15378 | D:10     | an orb spider changed into a jorogumo
 15378 | D:10     | XOM: polymorph orb spider -> jorogumo
 15559 | D:9      | Killed a jorogumo
 15560 | D:9      | Reached skill level 10 in Armour
 15576 | D:9      | XOM: give mutations
 15576 | D:9      | Gained mutation: Your body sometimes deteriorates upon
                  | taking damage. [Xom's mischief]
 15576 | D:9      | Lost mutation: You are frail. (-10% HP) [Xom's mischief]
 15852 | D:10     | Found a hide-covered altar of Uskayaw.
 15958 | D:10     | XOM: noise
 15961 | D:10     | Killed Snorg
 16013 | D:10     | XOM: give mutations
 16013 | D:10     | Gained mutation: You are highly strong-willed. (Will++)
                  | [Xom's mischief]
 16013 | D:10     | Lost mutation: You have an unnaturally thin skeletal
                  | structure. (Dex +6, Stealth+++) [Xom's mischief]
 16013 | D:10     | Lost mutation: You occasionally lose the ability to read
                  | scrolls when taking damage. [Xom's mischief]
 16094 | D:11     | Found a staircase to the Lair.
 16094 | D:11     | XOM: 6-stop teleportation journey
 16099 | D:11     | Noticed Nergalle
 16106 | D:11     | XOM: divination: detect creatures
 16107 | D:11     | XOM: fog
 16108 | D:11     | XOM: 2-stop teleportation journey
 16204 | D:11     | XOM: enchant monster (good)
 16216 | D:11     | Reached skill level 1 in Shields
 16418 | D:11     | XOM: scenery: 1 doors open
 16429 | D:11     | XOM: divination: detect items
 16576 | D:11     | XOM: fog
 16735 | D:11     | XOM: give mutations
 16735 | D:11     | Lost mutation: You are highly strong-willed. (Will++)
                  | [Xom's mischief]
 16735 | D:11     | Gained mutation: Armour fits poorly on your strangely
                  | shaped body. [Xom's mischief]
 16798 | D:11     | XOM: scenery: create altars
 17036 | D:11     | Killed Nergalle
 17042 | D:11     | Noticed a two-headed ogre
 17051 | D:11     | Killed a two-headed ogre
 17130 | D:11     | XOM: cloud trail
 17131 | Lair:1   | Entered Level 1 of the Lair of Beasts
 17157 | Lair:1   | XOM: blink monster(s)
 17166 | Lair:1   | XOM: summons friendly iron imp
 17169 | Lair:1   | Reached skill level 5 in Shields
 17264 | Lair:1   | XOM: divination: magic mapping
 17312 | Lair:1   | Noticed Sonja
 17312 | Lair:1   | XOM: 4-stop teleportation journey
 17314 | Lair:1   | Killed Sonja
 17472 | Lair:1   | XOM: silly message
 17609 | Lair:1   | XOM: cast spell 'Olgreb's Toxic Radiance'
 17610 | Lair:1   | XOM: potion effect (invisibility)
 17763 | Lair:1   | XOM: silly message
 18641 | Lair:2   | Reached XP level 13. HP: 103/103 MP: 24/24
 18925 | Lair:2   | XOM: noise
 18986 | Lair:2   | Found a runed translucent door.
 18987 | Lair:2   | Noticed manyhoops's ghost (journeyman DgTm)
 18987 | Lair:2   | Identified the +11 spear "Vyuk" {holy, rCorr Stlth+}
 19033 | Lair:2   | Found a staircase to the Snake Pit.
 19133 | Lair:2   | XOM: silly message
 19205 | Lair:2   | XOM: silly message
 19395 | Lair:2   | XOM is BORED!
 19395 | Lair:2   | XOM: silly message
 19508 | Lair:2   | Gained mutation: Your mind is acute. (Int +4, Str/Dex -1)
                  | [hidden potential]
 19508 | Lair:2   | Lost mutation: You have hidden genetic potential. [hidden
                  | potential expressed]
 19560 | Lair:2   | XOM: silly message
 19585 | Lair:2   | Found a staircase to the Swamp.
 19791 | Lair:3   | XOM: stealth player
 19797 | Lair:3   | XOM: divination: magic mapping
 19959 | Lair:3   | XOM: potion effect (haste)
 20066 | Lair:3   | XOM is BORED!
 20066 | Lair:3   | XOM: noise
 20160 | Lair:3   | XOM: 1-stop teleportation journey
 20171 | Lair:3   | XOM: summons 7 hostile demons
 20179 | Lair:3   | You are sucked into a shaft and drop 1 floor!
 20179 | Lair:4   | XOM: noise
 20186 | Lair:4   | XOM: 1-stop teleportation journey
 20235 | Lair:4   | XOM: stat loss: -1 Str (19/20)
 20380 | Lair:4   | Found a staircase to the Slime Pits.
 20380 | Lair:4   | XOM: 4-stop teleportation journey
 20382 | Lair:4   | XOM: enchant monster (good)
 20397 | Lair:4   | XOM: potion effect (might)
 20845 | Lair:3   | XOM: divination: detect creatures
 20851 | Lair:3   | XOM: polymorph wolf -> sky beast
 20883 | Lair:3   | XOM: cloud trail
 20959 | Lair:3   | XOM: god gift: runed plate armour {god gift}
 21030 | Lair:3   | XOM is BORED!
 21380 | Lair:3   | XOM: god gift: 7 stones
 21418 | Lair:3   | XOM: god gift: plate armour {god gift}
 21701 | Lair:4   | Learned a level 2 spell: Wereblood
 21705 | Lair:4   | Learned a level 3 spell: Ignite Poison
 21801 | Lair:4   | Found a transporter.
 21801 | Lair:4   | Noticed qborf's ghost (journeyman DEFE)
 21806 | Lair:4   | Found a transporter.
 21841 | Lair:4   | Noticed Urug
 21953 | Lair:4   | Killed Urug
 22210 | Lair:4   | XOM: summons friendly iron imp
 22294 | Lair:4   | XOM: noise
 22710 | Lair:5   | Entered Level 5 of the Lair of Beasts
 22712 | Lair:5   | XOM: potion effect (might)
 22714 | Lair:5   | XOM: cast spell 'Dispersal'
 22717 | Lair:5   | XOM: confuse monster(s)
 22736 | Lair:5   | Reached skill level 1 in Transmutations
 22810 | Lair:5   | XOM: summons 8 friendly demons
 22815 | Lair:5   | XOM: polymorph blink frog -> fire bat
 22827 | Lair:5   | XOM: summons 6 hostile demons
 22946 | Lair:5   | XOM: give mutations
 22946 | Lair:5   | Lost mutation: You are resistant to electric shocks.
                  | (rElec) [Xom's mischief]
 22946 | Lair:5   | Gained mutation: Your body often deteriorates upon taking
                  | damage. [Xom's mischief]
 22946 | Lair:5   | Gained mutation: You are occasionally teleported next to
                  | monsters. [Xom's mischief]
 22971 | Lair:5   | XOM: divination: magic mapping
 23002 | Lair:5   | XOM: summons friendly iron imp
 23021 | Lair:5   | XOM: polymorph iron imp -> white imp
 23066 | Lair:5   | Gained mutation: A meltable shield of frost defends you.
                  | (SH +0) [demonic ancestry]
 23066 | Lair:5   | Reached XP level 14. HP: 72/110 MP: 17/25
 23443 | D:10     | XOM: give mutations
 23443 | D:10     | Gained mutation: Your muscles are very strong. (Str +8,
                  | Int/Dex -2) [Xom's grace]
 23443 | D:10     | Gained mutation: Your spells are a little harder to cast,
                  | but a little more powerful. [Xom's grace]
 23443 | D:10     | Gained mutation: You are agile. (Dex +4, Str/Int -1) [Xom's
                  | grace]
 23469 | Orc:1    | Entered Level 1 of the Orcish Mines
 23471 | Orc:1    | XOM: enchant monster (good)
 23474 | Orc:1    | XOM: polymorph orc warrior -> worm
 23740 | D:9      | XOM: noise
 23825 | Orc:1    | XOM: noise
 23840 | Orc:1    | Found a dark tunnel.
 23846 | Orc:1    | XOM: summons 2 friendly demons
 23853 | Volcano  | Entered a volcano
 23909 | Volcano  | XOM: polymorph fire bat -> swamp drake
 24109 | Volcano  | XOM: noise
 24109 | Volcano  | XOM: smoke on damage
 24188 | Volcano  | XOM: cleaving
 24205 | Volcano  | XOM: scenery: create altars
 24390 | Volcano  | XOM: god gift: 32 gold pieces
 24448 | Volcano  | Found a bloodstained altar of Trog.
 24495 | Volcano  | XOM: summons 4 hostile demons
 24502 | Volcano  | XOM: give mutations
 24502 | Volcano  | Gained mutation: Your natural rate of healing is unusually
                  | fast. [Xom's grace]
 24502 | Volcano  | Gained mutation: Your mind is very acute. (Int +8, Str/Dex
                  | -2) [Xom's grace]
 24728 | Orc:1    | XOM: cleaving
 25070 | Orc:1    | XOM: give mutations
 25070 | Orc:1    | Lost mutation: Your muscles are very strong. (Str +8,
                  | Int/Dex -2) [Xom's mischief]
 25070 | Orc:1    | Lost mutation: Your natural rate of healing is unusually
                  | fast. [Xom's mischief]
 25070 | Orc:1    | Gained mutation: You are frail. (-10% HP) [Xom's mischief]
 25070 | Orc:1    | Lost mutation: Your mind is very acute. (Int +8, Str/Dex
                  | -2) [Xom's mischief]
 25277 | D:12     | XOM: noise
 25278 | D:12     | Found a runed translucent gate.
 25278 | D:12     | Found a runed translucent gate.
 25285 | D:12     | Found a runed translucent gate.
 25286 | D:12     | Noticed heinrich's ghost (journeyman GnCA)
 25477 | D:12     | XOM: give mutation
 25477 | D:12     | Lost mutation: Your muscles are strong. (Str +4, Int/Dex
                  | -1) [Xom's mischief]
 25536 | D:12     | XOM: swap monsters
 25717 | D:12     | Identified the +6 quarterstaff "Boaw" {venom, Str+4 Dex+4}
 26268 | D:12     | Found a hazy altar of Hepliaklqana.
 26497 | D:13     | XOM: stealth player
 26867 | D:13     | XOM: scenery: 3 doors open, 1 doors close
 26964 | D:13     | XOM: god gift: book of Chaos
 27048 | D:13     | XOM: enchant monster (good)
 27052 | D:13     | Reached skill level 5 in Dodging
 27436 | D:13     | XOM: enchant monster (bad)
 27460 | D:13     | XOM: summons 3 friendly demons
 27673 | D:13     | XOM: noise
 27855 | D:13     | Found a gate to the Vaults.
 27858 | D:13     | Lost mutation: Your mind is acute. (Int +4, Str/Dex -1)
                  | [potion of mutation]
 27858 | D:13     | Lost mutation: Armour fits poorly on your strangely shaped
                  | body. [potion of mutation]
 27858 | D:13     | Gained mutation: You are very frail. (-20% HP) [potion of
                  | mutation]
 27858 | D:13     | Gained mutation: You are highly strong-willed. (Will++)
                  | [potion of mutation]
 27858 | D:13     | Gained mutation: You have large cloven feet. [potion of
                  | mutation]
 28088 | D:14     | XOM: give mutations
 28088 | D:14     | Lost mutation: You are agile. (Dex +4, Str/Int -1) [Xom's
                  | mischief]
 28088 | D:14     | Lost mutation: You are very frail. (-20% HP) [Xom's
                  | mischief]
 28088 | D:14     | Lost mutation: Your body often deteriorates upon taking
                  | damage. [Xom's mischief]
 28094 | D:14     | XOM: give mutations
 28094 | D:14     | Lost mutation: Your spells are a little harder to cast, but
                  | a little more powerful. [Xom's mischief]
 28094 | D:14     | Gained mutation: You are dopey. (Int -2) [Xom's mischief]
 28094 | D:14     | Gained mutation: You are very frail. (-20% HP) [Xom's
                  | mischief]
 28139 | D:14     | XOM: blink monster(s)
 28460 | D:14     | Found Qydech's Distillery.
 28484 | D:14     | Bought a potion of curing for 45 gold pieces
 28484 | D:14     | Bought a potion of haste for 150 gold pieces
 28484 | D:14     | Bought a potion of heal wounds for 75 gold pieces
 28505 | D:14     | XOM: potion effect (heal wounds)
 28728 | D:14     | XOM: silly message
 28900 | D:14     | XOM: divination: detect items
 29131 | D:14     | XOM: silly message
 29264 | D:14     | Noticed Agnes
 29349 | D:15     | Entered Level 15 of the Dungeon
 29517 | D:15     | XOM: cloud trail
 29589 | D:14     | XOM: summons 8 hostile demons
 30053 | D:15     | XOM: swap monsters
 30054 | D:15     | XOM: polymorph cyan ugly thing -> purple ugly thing
 30059 | D:15     | XOM: god gift: scale mail {god gift}
 30067 | D:15     | XOM: swap monsters
 30139 | D:15     | XOM: blink monster(s)
 30271 | D:14     | XOM: noise
 30297 | D:14     | XOM: divination: detect items
 30335 | D:14     | XOM: silly message
 30512 | D:15     | Got Umosyiv's Vellum of Mortuary Frostbite
 30605 | D:15     | XOM: 2-stop teleportation journey
 30628 | D:15     | Gained mutation: A meltable icy envelope protects you from
                  | harm. (AC +0) [demonic ancestry]
 30628 | D:15     | Reached XP level 15. HP: 96/96 MP: 26/26
 30637 | D:15     | XOM: confusion
 30658 | D:15     | XOM: noise
 30662 | D:15     | XOM: polymorph deep elf pyromancer -> glowing orange brain
 30776 | D:15     | XOM: torment (55/96 hp)
 31121 | D:15     | XOM: repel stairs
 31163 | D:14     | XOM: summons 3 friendly demons
 31174 | D:14     | Killed Agnes
 31175 | D:14     | Reached skill level 11 in Armour
 31501 | D:14     | Noticed Kirke
 31516 | D:14     | Noticed a sphinx
 31519 | D:14     | XOM: divination: detect creatures
 31524 | D:14     | Killed Kirke
 31701 | D:14     | XOM: divination: magic mapping
 31978 | D:11     | XOM: chaos upgrade
 32199 | D:7      | XOM: fake destruction
 32220 | D:7      | XOM: summons friendly crimson imp
 32239 | D:7      | XOM: fake destruction
 32284 | D:7      | XOM: give mutations
 32284 | D:7      | Gained mutation: You have hoof-like feet. [Xom's mischief]
 32284 | D:7      | Gained mutation: You are weak. (Str -2) [Xom's mischief]
 32552 | D:11     | Killed heinrich's ghost
 32729 | D:12     | Reached skill level 12 in Armour
 32797 | D:12     | Learned a level 2 spell: Blink
 33122 | Lair:3   | XOM: give mutations
 33122 | Lair:3   | Gained mutation: You are agile. (Dex +4, Str/Int -1) [Xom's
                  | grace]
 33122 | Lair:3   | Gained mutation: You possess an exceptional clarity of
                  | mind. [Xom's grace]
 33156 | Lair:2   | XOM: summons friendly shadow imp
 33166 | Lair:2   | XOM: silly message
 33204 | Lair:2   | XOM: confuse monster(s)
 33210 | Lair:2   | XOM: repel stairs
 33215 | Lair:2   | XOM: silly message
 33252 | Lair:2   | XOM: divination: detect creatures
 33256 | Lair:2   | XOM: cast spell 'Olgreb's Toxic Radiance'
 33518 | Lair:3   | XOM: give mutations
 33518 | Lair:3   | Lost mutation: You possess an exceptional clarity of mind.
                  | [Xom's mischief]
 33518 | Lair:3   | Lost mutation: Your body sometimes deteriorates upon taking
                  | damage. [Xom's mischief]
 33518 | Lair:3   | Lost mutation: You are occasionally teleported next to
                  | monsters. [Xom's mischief]
 33543 | Lair:3   | XOM: noise
 33573 | Lair:3   | Killed manyhoops's ghost
 33669 | Lair:3   | XOM: give mutations
 33669 | Lair:3   | Lost mutation: You have hoof-like feet. [Xom's mischief]
 33669 | Lair:3   | Lost mutation: You are dopey. (Int -2) [Xom's mischief]
 33669 | Lair:3   | Lost mutation: You have large cloven feet. [Xom's mischief]
 34022 | Lair:5   | Reached skill level 5 in Stealth
 34037 | Lair:5   | XOM: noise
 34061 | Lair:5   | XOM: potion effect (curing)
 34237 | Lair:5   | XOM: give mutation
 34237 | Lair:5   | Lost mutation: You are very frail. (-20% HP) [Xom's
                  | mischief]
 34255 | Lair:5   | XOM: polymorph six-headed hydra -> quicksilver ooze
 34259 | Lair:5   | Reached skill level 1 in Translocations
 34345 | Lair:5   | XOM: scenery: summon butterflies
 34504 | Lair:5   | XOM: god gift: ring mail {god gift}
 34527 | Lair:5   | Learned a level 4 spell: Summon Lightning Spire
 34541 | Lair:5   | XOM: god gift: 44 gold pieces
 34614 | Lair:5   | XOM: divination: detect creatures
 34746 | Lair:5   | XOM: potion effect (curing)
 35142 | Lair:5   | XOM: cloud trail
 35152 | Lair:5   | Got the Spellbook of Moulding and Fascination
 35202 | Lair:5   | Learned a level 5 spell: Irradiate
 35376 | Orc:2    | Entered Level 2 of the Orcish Mines
 35518 | Orc:2    | XOM: summons 8 friendly demons
 35877 | Orc:2    | Found a staircase to the Elven Halls.
 36046 | Orc:2    | Noticed an orc warlord
 36066 | Orc:2    | XOM: enchant monster (good)
 36287 | Orc:2    | Killed an orc warlord
 36393 | Orc:2    | XOM: give mutations
 36393 | Orc:2    | Gained mutation: Your spells are a little harder to cast,
                  | but a little more powerful. [Xom's grace]
 36393 | Orc:2    | Gained mutation: You are very agile. (Dex +8, Str/Int -2)
                  | [Xom's grace]
 36393 | Orc:2    | Gained mutation: You expend magic power (3 MP) to
                  | strengthen your wands. [Xom's grace]
 36571 | Orc:2    | Found a runed translucent gate.
 36571 | Orc:2    | Found a runed translucent gate.
 36572 | Orc:2    | Found a runed translucent gate.
 36573 | Orc:2    | Noticed Enfaeutchie's ghost (journeyman DEHW)
 36573 | Orc:2    | Noticed Sergey's ghost (adept KoGl)
 36575 | Orc:2    | Noticed wilfster70's ghost (journeyman DsBe)
 36640 | Orc:2    | XOM: smoke on damage
 36647 | Orc:2    | Reached skill level 1 in Summonings
 37310 | Orc:2    | XOM: enchant monster (good)
 37410 | Orc:2    | XOM: silly message
 37601 | Orc:2    | XOM: stat loss: -1 Dex (25/26)
 37636 | Orc:2    | XOM: enchant monster (bad)
 37637 | Orc:2    | XOM: cast spell 'Call Canine Familiar'
 37835 | Orc:2    | Found Nautz's Antique Armour Shop.
 37835 | Orc:2    | Found Fupashrua's Distillery.
 37837 | Orc:2    | Found Naw Tinkuik's Assorted Antiques.
 37837 | Orc:2    | Found Tetem's Magic Scroll Shoppe.
 37843 | Orc:2    | Bought a pair of jewelled gloves for 313 gold pieces
 37843 | Orc:2    | Identified the +0 pair of gloves of the Wilderness {rElec
                  | Stlth+} (You bought it in a shop on level 2 of the Orcish
                  | Mines)
 37847 | Orc:2    | Bought a scroll of acquirement for 624 gold pieces
 37849 | Orc:2    | Bought a potion of mutation for 80 gold pieces
 37849 | Orc:2    | Bought a potion of lignification for 30 gold pieces
 37849 | Orc:2    | Bought a potion of resistance for 100 gold pieces
 37849 | Orc:2    | Bought a potion of mutation for 80 gold pieces
 37849 | Orc:2    | Bought a potion of curing for 30 gold pieces
 37849 | Orc:2    | Bought a potion of curing for 30 gold pieces
 37849 | Orc:2    | Bought a potion of lignification for 30 gold pieces
 37861 | Orc:2    | Bought a pair of runed boots for 247 gold pieces
 37875 | Orc:2    | Bought a scroll of immolation for 48 gold pieces
 37875 | Orc:2    | Bought a scroll of teleportation for 36 gold pieces
 37875 | Orc:2    | Bought a scroll of teleportation for 36 gold pieces
 37875 | Orc:2    | Bought a scroll of enchant armour for 90 gold pieces
 37875 | Orc:2    | Bought a scroll of teleportation for 36 gold pieces
 37875 | Orc:2    | Bought a scroll of teleportation for 36 gold pieces
 37875 | Orc:2    | Bought a scroll of teleportation for 36 gold pieces
 37878 | Orc:2    | Bought a potion of curing for 96 gold pieces
 38119 | D:15     | XOM: divination: detect items
 38184 | D:14     | XOM: divination: detect creatures
 38390 | D:15     | Gained mutation: A meltable icy envelope protects you from
                  | harm. (AC +0) [demonic ancestry]
 38390 | D:15     | Reached XP level 16. HP: 97/112 MP: 25/30
 38398 | D:15     | XOM: god gift: scroll of enchant weapon
 38630 | D:15     | Found a staircase to the Depths.
 38909 | D:6      | Bought a scroll of enchant armour for 82 gold pieces
 38952 | D:7      | XOM: divination: detect creatures
 39032 | D:11     | XOM is BORED!
 39032 | D:11     | XOM: noise
 39098 | Snake:1  | Entered Level 1 of the Snake Pit
 39193 | Lair:2   | XOM: potion effect (curing)
 39199 | Lair:2   | XOM: god gift: ring of poison resistance
 39224 | Lair:2   | XOM: fog
 39226 | Lair:2   | XOM: destruction
 39258 | Snake:1  | XOM: divination: detect creatures
 39471 | Snake:1  | XOM: noise
 39562 | Snake:1  | XOM: 3-stop teleportation journey
 39680 | Snake:1  | Found Tulitooq's Weapon Boutique.
 39787 | Snake:1  | XOM: silly message
 39833 | Snake:1  | XOM: enchant monster (bad)
 39836 | Snake:1  | XOM: swap monsters
 39986 | Snake:1  | XOM: scenery: summon butterflies
 40230 | Snake:1  | XOM: chaos upgrade
 40312 | Snake:1  | XOM: stat loss: -1 Dex (25/26)
 40440 | Snake:2  | XOM: confuse monster(s)
 40448 | Snake:2  | XOM: enchant monster (bad)
 40452 | Snake:1  | XOM: summons 4 hostile shadow creatures
 40454 | Snake:1  | XOM: silly message
 40712 | Snake:2  | XOM: give mutations
 40712 | Snake:2  | Lost mutation: You are very agile. (Dex +8, Str/Int -2)
                  | [Xom's mischief]
 40712 | Snake:2  | Gained mutation: You have hidden genetic defects. [Xom's
                  | mischief]
 40712 | Snake:2  | Gained mutation: You occasionally lose the ability to drink
                  | potions when taking damage. [Xom's mischief]
 40712 | Snake:2  | Lost mutation: You have hidden genetic defects. [Xom's
                  | mischief]
 40747 | Snake:2  | XOM: 1-stop teleportation journey
 40777 | Snake:2  | XOM: divination: magic mapping
 40902 | Snake:1  | XOM: divination: detect creatures
 40952 | Snake:1  | XOM: silly message
 41043 | Snake:2  | XOM: noise
 41135 | Snake:2  | XOM: silly message
 41461 | Snake:2  | XOM: potion effect (heal wounds)
 41537 | Snake:1  | XOM: silly message
 41539 | Snake:2  | XOM: potion effect (haste)
 41552 | Snake:2  | XOM: divination: detect items
 41554 | Snake:2  | XOM: potion effect (experience)
 41554 | Snake:2  | Reached skill level 5 in Summonings
 41554 | Snake:2  | Gained mutation: Your magical and physical power is
                  | slightly enhanced at high health. [demonic ancestry]
 41554 | Snake:2  | Reached XP level 17. HP: 103/125 MP: 26/31
 41555 | Snake:2  | Found Maukhao's Jewellery Boutique.
 41555 | Snake:2  | Found Asiuluy's Jewellery Boutique.
 41555 | Snake:2  | Found Lado Vuinau's Book Shoppe.
 41555 | Snake:2  | XOM: 3-stop teleportation journey
 41721 | Snake:2  | XOM: swap monsters
 41916 | Snake:2  | XOM: polymorph black mamba -> blink frog
 41926 | Snake:2  | Reached skill level 13 in Armour
 41929 | Snake:2  | XOM: enchant monster (bad)
 42157 | Snake:2  | XOM: divination: detect items
 42294 | Snake:2  | XOM: noise
 42420 | Snake:2  | XOM: cloud trail
 42438 | Snake:2  | Found Weuph's Antique Weapon Boutique.
 42481 | Snake:2  | XOM: give mutation
 42481 | Snake:2  | Gained mutation: You are somewhat resistant to further
                  | mutation. [Xom's grace]
 42547 | Snake:2  | XOM: summons friendly white imp
 42563 | Snake:2  | XOM: god gift: pair of gloves {god gift}
 42775 | Snake:2  | XOM: destruction
 43000 | Snake:2  | XOM: divination: detect items
 43077 | Snake:2  | XOM: scenery: summon butterflies
 43084 | Snake:2  | Identified the +2 pair of boots of Focal {rN+}
 43240 | Snake:2  | XOM: cleaving
 43717 | Snake:3  | Found a transporter.
 43720 | Snake:3  | Found a transporter.
 43764 | Snake:3  | Reached skill level 14 in Armour
 43785 | Snake:3  | Found Yfra's Armour Emporium.
 43854 | Snake:3  | XOM: potion effect (might)
 43942 | Snake:3  | XOM: potion effect (haste)
 43999 | Snake:3  | XOM: silly message
 44140 | Snake:3  | Found a transporter.
 44144 | Snake:3  | Found a transporter.
 44235 | Snake:3  | Found a transporter.
 44239 | Snake:3  | Found a transporter.
 44267 | Snake:3  | XOM: silly message
 44357 | Snake:3  | XOM: silly message
 44400 | Snake:3  | XOM: silly message
 44490 | Snake:3  | XOM: silly message
 44536 | Snake:3  | XOM: silly message
 44844 | Snake:4  | Entered Level 4 of the Snake Pit
 44844 | Snake:4  | Found Maumpoi's Vocational Training.
 45224 | Snake:4  | XOM: cloud trail
 45245 | Snake:4  | Found a runed translucent gate.
 45245 | Snake:4  | Found a runed translucent gate.
 45245 | Snake:4  | Found a runed translucent gate.
 45317 | Snake:4  | Noticed Obro's ghost (adept DrTm)
 45336 | Snake:4  | XOM: 1-stop teleportation journey
 45847 | Snake:4  | XOM: destruction
 45944 | Snake:4  | XOM: polymorph naga mage -> guardian serpent
 45945 | Snake:4  | XOM: cast spell 'Call Canine Familiar'
 45946 | Snake:4  | XOM: destruction
 45962 | Snake:4  | XOM: scenery: create altars
 46022 | Snake:4  | XOM: scenery: summon butterflies
 46028 | Snake:4  | Gained mutation: Your magical and physical power is
                  | enhanced at high health. [demonic ancestry]
 46028 | Snake:4  | Reached XP level 18. HP: 131/131 MP: 33/33
 46043 | Snake:4  | XOM: destruction
 46045 | Snake:4  | XOM: summons 16 friendly demons
 46049 | Snake:4  | Reached skill level 10 in Shields
 46052 | Snake:4  | XOM: polymorph butterfly -> adder
 46060 | Snake:4  | XOM: divine lightning
 46079 | Snake:4  | XOM: god gift: 3 stones
 46331 | Snake:4  | XOM: fog
 46363 | Snake:4  | XOM: summons 3 friendly demons
 46580 | Snake:4  | XOM: summons friendly crimson imp
 46593 | Snake:4  | XOM: destruction
 46708 | Snake:4  | XOM: scenery: summon butterflies
 46722 | Snake:4  | XOM: cast spell 'Monstrous Menagerie'
 46780 | Snake:4  | XOM: 1-stop teleportation journey
 46845 | Snake:4  | XOM: divination: magic mapping
 46989 | Snake:4  | XOM: give mutation
 46989 | Snake:4  | Gained mutation: You are very agile. (Dex +8, Str/Int -2)
                  | [Xom's grace]
 47159 | Snake:4  | XOM: divination: detect creatures
 47195 | Snake:4  | XOM: fog
 47317 | Snake:4  | XOM: enchant monster (bad)
 47501 | Snake:4  | XOM: scenery: create altars
 47502 | Snake:4  | XOM: enchant monster (bad)
 47574 | Snake:4  | XOM: cast spell 'Cause Fear'
 47575 | Snake:4  | XOM: confuse monster(s)
 47669 | Snake:4  | XOM: scenery: summon butterflies
 47686 | Snake:4  | XOM: 1-stop teleportation journey
 48080 | Snake:4  | XOM: fake destruction
 48427 | Snake:4  | XOM: give mutation
 48427 | Snake:4  | Gained mutation: You possess an exceptional clarity of
                  | mind. [Xom's grace]
 48429 | Snake:4  | XOM: potion effect (brilliance)
 48439 | Snake:4  | XOM: potion effect (brilliance)
 48465 | Snake:4  | XOM: potion effect (might)
 48544 | Snake:4  | XOM: god gift: 2 atropa-tipped darts
 48615 | Snake:4  | XOM: divination: detect creatures
 48681 | Snake:4  | XOM: scenery: summon butterflies
 48688 | Snake:4  | XOM: summons friendly shadow imp
 48892 | Snake:4  | Got a serpentine rune of Zot
 48968 | Snake:4  | XOM: noise
 49161 | Swamp:1  | Entered Level 1 of the Swamp
 49188 | Swamp:1  | XOM: divination: detect items
 49381 | Swamp:1  | XOM: enchant monster (good)
 49475 | Swamp:1  | Found a transporter.
 49475 | Swamp:1  | XOM: 1-stop teleportation journey
 49487 | Swamp:1  | XOM: fake destruction
 49552 | Swamp:1  | XOM: god gift: ring mail {god gift}
 49767 | Swamp:1  | Found a transporter.
 49786 | Swamp:1  | Noticed Ogauff's ghost (journeyman FeFi)
 49788 | Swamp:1  | Found a bloodstained altar of Trog.
 49998 | Swamp:1  | Noticed Aizul
 50027 | Swamp:1  | Killed Aizul
 50184 | Swamp:1  | XOM: give mutations
 50184 | Swamp:1  | Lost mutation: Your spells are a little harder to cast, but
                  | a little more powerful. [Xom's mischief]
 50184 | Swamp:1  | Gained mutation: You are very frail. (-20% HP) [Xom's
                  | mischief]
 50184 | Swamp:1  | Lost mutation: You possess an exceptional clarity of mind.
                  | [Xom's mischief]
 50259 | Swamp:2  | XOM: cleaving
 50300 | Swamp:2  | Found a runed translucent gate.
 50301 | Swamp:2  | Found a runed translucent gate.
 50302 | Swamp:2  | Found a runed translucent gate.
 50329 | Swamp:2  | Reached skill level 10 in Dodging
 50660 | Swamp:2  | XOM: divination: magic mapping
 50661 | Swamp:2  | Reached skill level 1 in Conjurations
 50706 | Swamp:2  | XOM: 3-stop teleportation journey
 51106 | Snake:2  | Bought a book of Air for 396 gold pieces
 51110 | Snake:2  | Learned a level 3 spell: Swiftness
 51112 | Snake:2  | Learned a level 1 spell: Magic Dart
 51180 | Lair:2   | XOM: silly message
 51261 | Swamp:2  | XOM: fake destruction
 51355 | Swamp:2  | Noticed Peppero's ghost (adept DjCj)
 51506 | Swamp:2  | XOM: divination: detect items
 51714 | Swamp:1  | XOM: god gift: scroll of blinking
 51804 | Swamp:1  | XOM: give mutations
 51804 | Swamp:1  | Gained mutation: You have large cloven feet. [Xom's grace]
 51804 | Swamp:1  | Gained mutation: You are somewhat resistant to both further
                  | mutation and mutation removal. [Xom's grace]
 51915 | Swamp:1  | XOM: give mutations
 51915 | Swamp:1  | Gained mutation: Your flesh is heat resistant. (rF+) [Xom's
                  | grace]
 51915 | Swamp:1  | Gained mutation: You passively map a small area around you.
                  | [Xom's grace]
 51915 | Swamp:1  | Gained mutation: A frigid envelope surrounds you and
                  | freezes all who hurt you. [Xom's grace]
 51915 | Swamp:1  | Gained mutation: You are covered in fur. (AC +1) [Xom's
                  | grace]
 51974 | Swamp:2  | XOM: summons friendly ufetubus
 52275 | Swamp:2  | XOM: god gift: 6 atropa-tipped darts
 52607 | Swamp:2  | XOM: noise
 52613 | Swamp:2  | Killed Peppero's ghost
 52624 | Swamp:2  | Identified the amulet of the Moon {RegenMP rF+ Str+7 Int-4}
 52642 | Swamp:3  | XOM: cast spell 'Alistair's Intoxication'
 52656 | Swamp:3  | Gained mutation: You have an unnaturally thin skeletal
                  | structure. (Dex +6, Stealth+++) [demonic ancestry]
 52656 | Swamp:3  | Reached XP level 19. HP: 115/121 MP: 33/35
 52936 | Swamp:3  | Reached skill level 10 in Spellcasting
 52939 | Swamp:3  | XOM: 1-stop teleportation journey
 52945 | Swamp:3  | XOM: summons 10 friendly demons
 52950 | Swamp:3  | XOM: destruction
 52962 | Swamp:3  | XOM: summons friendly ufetubus
 52968 | Swamp:3  | XOM: summons friendly white imp
 52970 | Swamp:3  | XOM: chaos upgrade
 52982 | Swamp:3  | Reached skill level 5 in Air Magic
 53075 | Swamp:3  | XOM: give mutations
 53075 | Swamp:3  | Gained mutation: Your spells are a little harder to cast,
                  | but a little more powerful. [Xom's grace]
 53075 | Swamp:3  | Gained mutation: Your spells are harder to cast, but more
                  | powerful. [Xom's grace]
 53075 | Swamp:3  | Gained mutation: Your flesh is very heat resistant. (rF++)
                  | [Xom's grace]
 53075 | Swamp:3  | Gained mutation: You are partially covered in large bone
                  | plates. (SH +4) [Xom's grace]
 53240 | Swamp:3  | Identified the +8 dagger "Zautoc" {vamp, rC+ rCorr Str+10
                  | Dex+4}
 53295 | Swamp:3  | XOM: summons friendly crimson imp
 53407 | Swamp:3  | XOM: god gift: 48 gold pieces
 53545 | Swamp:3  | XOM: give mutations
 53545 | Swamp:3  | Gained mutation: You passively map the area around you.
                  | [Xom's grace]
 53545 | Swamp:3  | Gained mutation: You have a considerably increased
                  | reservoir of magic. (+20% MP) [Xom's grace]
 53545 | Swamp:3  | Gained mutation: You are resistant to electric shocks.
                  | (rElec) [Xom's grace]
 53545 | Swamp:3  | Gained mutation: Your flesh is cold resistant. (rC+) [Xom's
                  | grace]
 53558 | Swamp:4  | Entered Level 4 of the Swamp
 53816 | Swamp:4  | XOM: torment (82/122 hp)
 53856 | Swamp:4  | XOM: silly message
 53860 | Swamp:4  | XOM: summons friendly iron imp
 54000 | Swamp:4  | XOM: swap monsters
 54117 | Swamp:4  | Found a sacrificial altar of Ru.
 54254 | Swamp:4  | XOM: 2-stop teleportation journey
 54276 | Swamp:4  | XOM: noise
 54551 | Swamp:4  | XOM: swap monsters
 54628 | Swamp:4  | Reached skill level 15 in Fighting
 54717 | Swamp:4  | Got a decaying rune of Zot
 55068 | Lair:2   | XOM: give mutations
 55068 | Lair:2   | Lost mutation: You have large cloven feet. [Xom's grace]
 55068 | Lair:2   | Gained mutation: You have sharp toenails. [Xom's grace]
 55068 | Lair:2   | Lost mutation: You have sharp toenails. [Xom's grace]
 55068 | Lair:2   | Gained mutation: You have large cloven feet. [Xom's grace]
 55068 | Lair:2   | Gained mutation: You have supernaturally acute eyesight.
                  | (SInv) [Xom's grace]
 55252 | D:9      | XOM: noise
 55322 | Elf:1    | Entered Level 1 of the Elven Halls
 55479 | Elf:1    | XOM: summons 10 hostile demons
 55640 | Elf:1    | XOM: summons friendly white imp
 55644 | Elf:1    | XOM: cleaving
 55651 | Elf:1    | XOM: cleaving
 56019 | Elf:1    | XOM: scenery: 2 doors open, 1 doors close
 56040 | Elf:1    | Found a stormy altar of Qazlal.
 56043 | Elf:1    | Paralysed by an air elemental for 1 turns
 56157 | Elf:1    | XOM: polymorph deep elf knight -> shining eye
 56287 | Elf:1    | Noticed Frances
 56311 | Elf:1    | XOM: smoke on damage
 56313 | Elf:1    | Killed Frances
 56445 | Elf:1    | XOM: god gift: scimitar {god gift}
 56824 | Elf:2    | Noticed Asterion
 56833 | Elf:2    | Killed Asterion
 57099 | Elf:2    | Noticed Azrael
 57102 | Elf:2    | XOM: summons 5 friendly demons
 57135 | Elf:2    | Killed Azrael
 57248 | Elf:2    | Found a runed translucent gate.
 57248 | Elf:2    | Found a runed translucent gate.
 57249 | Elf:2    | Found a runed translucent gate.
 57474 | Elf:2    | XOM: confuse monster(s)
 57525 | Elf:2    | XOM: cast spell 'Call Canine Familiar'
 57532 | Elf:2    | XOM: confuse monster(s)
 57545 | Elf:2    | XOM: god gift: 21 gold pieces
 57550 | Elf:2    | XOM: summons 5 hostile demons
 57561 | Elf:2    | XOM: swap monsters
 57862 | Elf:2    | Reached XP level 20. HP: 131/131 MP: 43/43
 57914 | Elf:2    | XOM: 1-stop teleportation journey
 58216 | Elf:3    | Entered Level 3 of the Elven Halls
 58234 | Elf:3    | XOM: give mutation
 58234 | Elf:3    | Lost mutation: You have supernaturally acute eyesight.
                  | (SInv) [Xom's mischief]
 58265 | Elf:3    | XOM: swap monsters
 58319 | Elf:3    | XOM: scenery: summon butterflies
 58557 | Elf:3    | Found an ancient bone altar of Kikubaaqudgha.
 58683 | Elf:3    | XOM: silly message
 58829 | Elf:3    | Reached skill level 15 in Armour
 58872 | Elf:3    | XOM: 1-stop teleportation journey
 58943 | Elf:3    | Identified the +2 leather armour "Bagg" {Will++ Str-4
                  | Dex+2}
 59169 | Elf:3    | XOM: noise
 59179 | Elf:3    | XOM: cast spell 'Summon Ice Beast'
 59193 | Elf:3    | XOM: polymorph deep elf master archer -> eleionoma
 59197 | Elf:3    | XOM: fog
 59248 | Elf:3    | XOM: polymorph deep elf high priest -> swamp worm
 59250 | Elf:2    | XOM: potion effect (curing)
 59330 | Elf:2    | XOM: scenery: 1 doors open
 59466 | Elf:2    | XOM: give mutations
 59466 | Elf:2    | Gained mutation: You are almost entirely resistant to
                  | further mutation and mutation removal. [Xom's grace]
 59466 | Elf:2    | Lost mutation: You are very frail. (-20% HP) [Xom's grace]
 59596 | Elf:3    | XOM: noise
 59614 | Elf:3    | Reached skill level 5 in Conjurations
 59664 | Elf:3    | Identified the +8 lajatang of Udaqehos {holy, *Slow Int+6
                  | Dex+2}
 59664 | Elf:3    | Identified the ring of Cefruos {Fly Int+4}
 59778 | Elf:3    | Paralysed by an air elemental for 1 turns
 60057 | Elf:3    | XOM: divination: detect items
 60168 | Elf:3    | XOM: cast spell 'Statue Form'
 60489 | Elf:3    | XOM: enchant monster (good)
 60513 | Elf:3    | Identified the ring "Samonoy" {rF+ rN+ Str+4}
 60752 | Elf:3    | Reached skill level 10 in Evocations
 60765 | Elf:3    | Identified the amulet of Mistrust {Reflect Str-2 Int+9
                  | SH+5}
 60767 | Elf:3    | Identified the +10 dagger of a treasure trove {vorpal,
                  | *Slow Str+3 Dex+9 Stlth+}
 60774 | Elf:3    | XOM: cleaving
 60792 | Elf:3    | XOM: potion effect (curing)
 60972 | Elf:3    | XOM: scenery: create altars
 60979 | Elf:3    | Identified the +8 falchion "Licrus" {flame, rElec Will+
                  | Str-3 Dex+7}
 61106 | Elf:3    | XOM: give mutations
 61106 | Elf:3    | Lost mutation: You are covered in fur. (AC +1) [Xom's
                  | mischief]
 61106 | Elf:3    | Lost mutation: You are very agile. (Dex +8, Str/Int -2)
                  | [Xom's mischief]
 61243 | Elf:3    | XOM: polymorph deep elf high priest -> glowing orange brain
 61372 | Elf:3    | XOM: 2-stop teleportation journey
 61429 | Elf:3    | XOM: scenery: create altars
 61475 | Elf:3    | Got the Papyrus of Forceful Wanderlust
 61489 | Elf:3    | Got the Codex of the Foul Storm
 61742 | Lair:2   | XOM: god gift: 8 gold pieces
 62040 | Swamp:1  | XOM: enchant monster (good)
 62050 | Swamp:1  | XOM: confuse monster(s)
 62057 | Swamp:1  | Killed Ogauff's ghost
 62307 | D:11     | XOM: god gift: potion of attraction
 62416 | Orc:2    | XOM: summons 2 friendly demons
 62417 | Orc:2    | XOM: fog
 62438 | Orc:2    | XOM: confusion (+ monsters)
 62445 | Orc:2    | XOM: swap monsters
 62447 | Orc:2    | Killed Sergey's ghost
 62449 | Orc:2    | Killed Enfaeutchie's ghost
 62474 | Orc:2    | Killed wilfster70's ghost
 62661 | Orc:2    | Got Jiluvan's Book of Fetching Metal
 63054 | Lair:4   | Killed qborf's ghost
 63439 | Lair:2   | XOM: give mutations
 63439 | Lair:2   | Gained mutation: Your flesh is almost immune to the effects
                  | of heat. (rF+++) [Xom's grace]
 63439 | Lair:2   | Gained mutation: You have sharp fingernails. [Xom's grace]
 63439 | Lair:2   | Lost mutation: You have large cloven feet. [Xom's grace]
 63439 | Lair:2   | Gained mutation: You have sharp toenails. [Xom's grace]
 63486 | D:11     | XOM: give mutation
 63486 | D:11     | Lost mutation: You have sharp toenails. [Xom's mischief]
 63598 | Depths:1 | Entered Level 1 of the Depths
 63838 | Depths:1 | XOM: god gift: robe {god gift}
 63860 | Depths:1 | XOM: god gift: ring of poison resistance
 64036 | Depths:1 | XOM: 2-stop teleportation journey
 64109 | Depths:1 | XOM: confuse monster(s)
 64161 | Depths:1 | XOM: fog
 64171 | Depths:1 | XOM: 6-stop teleportation journey
 64232 | Depths:1 | XOM: summons friendly quasit
 64235 | Depths:1 | XOM: enchant monster (bad)
 64282 | Depths:1 | Found a one-way gateway to a ziggurat.
 64284 | Depths:1 | XOM: chaos upgrade
 64327 | Depths:1 | XOM: 1-stop teleportation journey
 64345 | Depths:1 | XOM: noise
 64408 | Depths:1 | XOM: noise
 64412 | Depths:1 | XOM: confusion (+ monsters)
 64762 | Depths:1 | XOM: divination: magic mapping
 64827 | Depths:1 | XOM: summons friendly iron imp
 64844 | Depths:1 | Found a gateway to Hell.
 64861 | Depths:1 | XOM: enchant monster (good)
 64883 | Depths:1 | XOM: cast spell 'Statue Form'
 64900 | Depths:1 | XOM: cast spell 'Alistair's Intoxication'
 64919 | Depths:1 | XOM: potion effect (invisibility)
 65313 | Depths:1 | XOM: confusion (+ monsters)
 65315 | Depths:1 | XOM: cast spell 'Summon Mana Viper'
 65321 | Depths:1 | XOM: noise
 65387 | Depths:1 | XOM: enchant monster (bad)
 65402 | Depths:1 | Reached XP level 21. HP: 114/153 MP: 41/44
 65419 | Depths:1 | XOM: noise
 65455 | Depths:1 | XOM: silly message
 65515 | Depths:1 | XOM: potion effect (haste)
 65517 | Depths:1 | Found a hide-covered altar of Uskayaw.
 65703 | Depths:1 | XOM: divination: magic mapping
 65886 | Depths:1 | Noticed Saint Roka
 65888 | Depths:1 | XOM: confuse monster(s)
 65905 | Depths:1 | Killed Saint Roka
 66077 | Depths:1 | XOM: enchant monster (good)
 66135 | Depths:1 | Found a one-way gate to the infinite horrors of the Abyss.
 66135 | Depths:1 | XOM: 2-stop teleportation journey
 66360 | Depths:1 | Identified the +10 tower shield of Foolhardiness {SInv}
 66403 | Depths:1 | XOM: scenery: 1 doors close
 66424 | Depths:1 | Acquired a +3 demon trident of flaming
 66447 | Depths:1 | Identified the ring of Brilliance {rPois EV+4 Str+6 Int+4}
 66703 | Depths:2 | XOM: divination: detect items
 66797 | Depths:2 | XOM: divination: detect items
 67228 | Depths:2 | XOM: summons 3 friendly demons
 67294 | Depths:2 | Found Riokalis's Antique Armour Emporium.
 67306 | Depths:2 | XOM: cast spell 'Statue Form'
 67551 | Depths:2 | Found a one-way gate leading to the halls of Pandemonium.
 67764 | Depths:2 | Found a blossoming altar of Fedhas.
 67936 | Depths:3 | XOM: summons friendly ufetubus
 67960 | Depths:3 | XOM: summons friendly crimson imp
 68018 | Depths:3 | Found Cuones's Antique Weapon Shoppe.
 68348 | D:9      | XOM: divination: magic mapping
 68705 | D:15     | XOM: scenery: summon butterflies
 68739 | Depths:1 | XOM: give mutations
 68739 | Depths:1 | Gained mutation: You have very sharp fingernails. [Xom's
                  | grace]
 68739 | Depths:1 | Gained mutation: Your mind is acute. (Int +4, Str/Dex -1)
                  | [Xom's grace]
 68739 | Depths:1 | Gained mutation: You have sharp toenails. [Xom's grace]
 68739 | Depths:1 | Lost mutation: You are frail. (-10% HP) [Xom's grace]
 68811 | Depths:3 | Noticed Grunn
 68835 | Depths:1 | XOM: enchant monster (good)
 68973 | Depths:1 | XOM: give mutation
 68973 | Depths:1 | Gained mutation: You passively dampen the noise of your
                  | surroundings. [Xom's grace]
 69218 | Depths:1 | XOM: god gift: 36 gold pieces
 69373 | Depths:2 | XOM: confuse monster(s)
 69384 | Depths:2 | XOM: noise
 69413 | Depths:1 | XOM: give mutations
 69413 | Depths:1 | Gained mutation: You have a beak for a mouth. [Xom's grace]
 69413 | Depths:1 | Lost mutation: You are weak. (Str -2) [Xom's grace]
 69413 | Depths:1 | Gained mutation: Your muscles are strong. (Str +4, Int/Dex
                  | -1) [Xom's grace]
 69413 | Depths:1 | Gained mutation: You have a greatly increased reservoir of
                  | magic. (+30% MP) [Xom's grace]
 69764 | Depths:1 | XOM: cast spell 'Necromutation'
 69765 | Depths:1 | XOM: scenery: summon butterflies
 69791 | Depths:1 | XOM: polymorph butterfly -> jackal
 69969 | Depths:1 | XOM: god gift: scroll of summoning
 70091 | Vaults:1 | Entered Level 1 of the Vaults
 70111 | Vaults:1 | XOM: fog
 70112 | Vaults:1 | XOM: noise
 70339 | Vaults:1 | Found a transporter.
 70339 | Vaults:1 | Found the +6 arbalest "Damnation" {damnation}
 70339 | Vaults:1 | Found the +18 shield of the Gong {rElec rN+ Will+ EV-5}
 70355 | Vaults:1 | Found a transporter.
 70563 | Vaults:1 | Found a portal to a secret trove of treasure.
 70571 | Vaults:1 | XOM: smoke on damage
 70871 | Vaults:1 | Reached skill level 15 in Shields
 70982 | Vaults:1 | XOM: enchant monster (good)
 71284 | Vaults:1 | Noticed Zenata
 71378 | Vaults:1 | XOM: god gift: 7 stones
 71564 | Vaults:1 | XOM: enchant monster (good)
 71567 | Vaults:1 | Killed Zenata
 71761 | Vaults:2 | XOM: divination: detect creatures
 71850 | Vaults:2 | Noticed Margery
 71881 | Vaults:2 | Killed Margery
 72254 | Vaults:2 | Found Yzosonepu's Antique Armour Boutique.
 72286 | Vaults:2 | Found a runed translucent door.
 72286 | Vaults:2 | Noticed Aram's ghost (adept PaMo)
 72362 | Vaults:2 | XOM: divination: detect items
 72517 | Vaults:2 | XOM: cloud trail
 72783 | Vaults:2 | Found Vanoi's Weapon Emporium.
 72804 | Vaults:2 | XOM: divination: detect items
 73123 | Vaults:2 | Noticed Donald
 73125 | Vaults:2 | Found Waecum's Jewellery Shop.
 73135 | Vaults:2 | Killed Donald
 73277 | Vaults:2 | XOM: noise
 73687 | Vaults:2 | Killed Aram's ghost
 73793 | Vaults:3 | XOM: give mutations
 73793 | Vaults:3 | Lost mutation: Your muscles are strong. (Str +4, Int/Dex
                  | -1) [Xom's mischief]
 73793 | Vaults:3 | Lost mutation: A frigid envelope surrounds you and freezes
                  | all who hurt you. [Xom's mischief]
 73793 | Vaults:3 | Lost mutation: Your spells are harder to cast, but more
                  | powerful. [Xom's mischief]
 73793 | Vaults:3 | Lost mutation: You have a greatly increased reservoir of
                  | magic. (+30% MP) [Xom's mischief]
 73962 | Vaults:3 | XOM: polymorph ironbound preserver -> azure jelly
 73964 | Vaults:3 | XOM: confusion
 73989 | Vaults:3 | Reached XP level 22. HP: 105/178 MP: 45/45
 74433 | Vaults:3 | Identified the +4 ring mail "Ejac" {rPois rC+}
 74546 | Vaults:3 | XOM: torment (96/178 hp)
 74812 | Vaults:3 | XOM: summons 1 hostile demon
 74945 | Vaults:3 | XOM is BORED!
 74945 | Vaults:3 | XOM: stat loss: -1 Int (29/30)
 74966 | Vaults:3 | XOM: 2-stop teleportation journey
 75068 | Vaults:3 | XOM: swap monsters
 75113 | Vaults:3 | XOM: silly message
 75232 | Vaults:3 | Noticed Mara
 75245 | Vaults:3 | Noticed Plorgh's illusion
 75245 | Vaults:3 | Killed Mara
 75588 | Vaults:3 | Found a staircase to the Crypt.
 75803 | Vaults:3 | XOM: swap monsters
 75813 | Vaults:3 | XOM: stat loss: -1 Dex (22/23)
 76214 | Vaults:4 | XOM: smoke on damage
 76458 | Vaults:4 | XOM: 4-stop teleportation journey
 76625 | Vaults:4 | XOM is BORED!
 76625 | Vaults:4 | XOM: polymorph ironbound convoker -> water nymph
 76716 | Vaults:4 | XOM: swap monsters
 76721 | Vaults:4 | XOM: silly message
 76742 | Vaults:4 | XOM: summons friendly iron imp
 76958 | Vaults:4 | XOM: enchant monster (good)
 76960 | Vaults:4 | XOM: smoke on damage
 77005 | Vaults:4 | XOM: cloud trail
 77362 | Vaults:4 | XOM: polymorph vault sentinel -> raiju
 77370 | Vaults:4 | XOM: fog
 77542 | Vaults:4 | XOM: god gift: scroll of noise
 77706 | Vaults:4 | Identified the +5 long sword of Karma {drain, rElec}
 77998 | Vaults:4 | XOM: fog
 78116 | Vaults:4 | Found Hoefath's General Store.
 78123 | Vaults:4 | XOM: scenery: 1 doors close
 78124 | Vaults:4 | Bought a potion of curing for 48 gold pieces
 78704 | Depths:3 | Killed Grunn
 78797 | Depths:3 | XOM: cast spell 'Summon Horrible Things'
 78803 | Depths:3 | XOM: scenery: create altars
 78998 | Depths:3 | XOM: polymorph ice dragon -> broodmother
 79011 | Depths:3 | Reached XP level 23. HP: 190/190 MP: 44/46
 79020 | Depths:3 | Learned a level 3 spell: Summon Guardian Golem
 79415 | Depths:4 | Entered Level 4 of the Depths
 79426 | Depths:4 | XOM: confusion
 79436 | Depths:4 | XOM: god gift: 7 gold pieces
 79453 | Depths:4 | XOM: noise
 79941 | Depths:3 | XOM: give mutations
 79941 | Depths:3 | Lost mutation: You expend magic power (3 MP) to strengthen
                  | your wands. [Xom's mischief]
 79941 | Depths:3 | Lost mutation: You are agile. (Dex +4, Str/Int -1) [Xom's
                  | mischief]
 80049 | Depths:3 | XOM: fake destruction
 80080 | Depths:4 | XOM: confuse monster(s)
 80099 | Depths:3 | XOM: scenery: create altars
 80160 | Depths:4 | Found Seareith's Antique Weapon Emporium.
 80160 | Depths:4 | XOM: 2-stop teleportation journey
 80172 | Depths:4 | XOM: cleaving
 80176 | Depths:4 | XOM: summons 5 friendly demons
 80180 | Depths:4 | XOM: give mutations
 80180 | Depths:4 | Lost mutation: You have a considerably increased reservoir
                  | of magic. (+20% MP) [Xom's mischief]
 80180 | Depths:4 | Lost mutation: You passively map the area around you.
                  | [Xom's mischief]
 80180 | Depths:4 | Lost mutation: You passively dampen the noise of your
                  | surroundings. [Xom's mischief]
 80180 | Depths:4 | Lost mutation: Your flesh is cold resistant. (rC+) [Xom's
                  | mischief]
 80275 | Depths:4 | XOM: silly message
 80429 | Depths:4 | XOM: god gift: scale mail {god gift}
 80588 | Depths:4 | XOM: destruction
 80669 | Depths:4 | XOM: fake destruction
 80676 | Depths:4 | XOM: divination: magic mapping
 80737 | Depths:4 | Found a shimmering blue altar of Sif Muna.
 80738 | Depths:4 | Identified the amulet "Zetwapir" {RegenMP rC+ Will++}
 80755 | Depths:4 | XOM: enchant monster (good)
 80772 | Depths:4 | XOM: cleaving
 80783 | Depths:4 | XOM: 1-stop teleportation journey
 80863 | Depths:3 | XOM: give mutations
 80863 | Depths:3 | Gained mutation: Your spells are harder to cast, but more
                  | powerful. [Xom's grace]
 80863 | Depths:3 | Gained mutation: You possess an exceptional clarity of
                  | mind. [Xom's grace]
 80863 | Depths:3 | Gained mutation: Your system is resistant to poisons.
                  | (rPois) [Xom's grace]
 81038 | Depths:3 | XOM: polymorph red draconian -> azure jelly
 81685 | Depths:4 | XOM: enchant monster (good)
 81686 | Depths:4 | XOM: enchant monster (good)
 81712 | Depths:4 | XOM: summons friendly crimson imp
 81774 | Depths:4 | Found a gate to the Realm of Zot.
 81886 | Depths:4 | XOM: scenery: create altars
 81890 | Depths:4 | XOM: cast spell 'Necromutation'
 82227 | Depths:4 | XOM: cast spell 'Call Canine Familiar'
 82340 | Depths:4 | Learned a level 5 spell: Summon Mana Viper
 82795 | D:11     | XOM: give mutation
 82795 | D:11     | Lost mutation: Your mind is acute. (Int +4, Str/Dex -1)
                  | [Xom's mischief]
 82884 | Slime:1  | Entered Level 1 of the Pits of Slime
 82913 | Slime:1  | XOM: 1-stop teleportation journey
 82935 | Slime:1  | XOM: god gift: 50 gold pieces
 83015 | Slime:1  | XOM: 1-stop teleportation journey
 83079 | Slime:1  | XOM: 2-stop teleportation journey
 83081 | Slime:1  | XOM: chaos cloud
 83503 | Slime:1  | XOM: noise
 83636 | Slime:1  | XOM: summons 2 hostile demons
 83711 | Slime:2  | XOM: stat loss: -1 Str (25/26)
 83719 | Slime:2  | Reached skill level 10 in Conjurations
 83857 | Slime:2  | XOM: blink monster(s)
 84239 | Slime:2  | XOM: 3-stop teleportation journey
 84584 | Slime:3  | XOM: silly message
 85435 | Slime:4  | XOM: cast spell 'Disjunction'
 85600 | Slime:4  | XOM: confuse monster(s)
 85603 | Slime:4  | XOM: noise
 85605 | Slime:4  | XOM: noise
 85639 | Slime:4  | XOM: 1-stop teleportation journey
 85931 | Slime:4  | XOM: divination: magic mapping
 86050 | Slime:5  | Entered Level 5 of the Pits of Slime
 86242 | Slime:5  | XOM: summons 11 friendly demons
 86263 | Slime:5  | Reached skill level 10 in Summonings
 86336 | Slime:5  | XOM: 2-stop teleportation journey
 86402 | Slime:5  | XOM: cast spell 'Chain of Chaos'
 86485 | Slime:5  | XOM: repel stairs
 86632 | Slime:5  | XOM: cleaving
 86789 | Slime:5  | Gained mutation: Your magical and physical power is greatly
                  | enhanced at high health. [demonic ancestry]
 86789 | Slime:5  | Reached XP level 24. HP: 194/197 MP: 42/42
 86809 | Slime:5  | Noticed the Royal Jelly
 87030 | Slime:4  | XOM: noise
 87113 | Slime:4  | XOM: summons 2 friendly demons
 87117 | Slime:4  | XOM: cast spell 'Summon Mana Viper'
 87336 | Slime:5  | XOM: blink monster(s)
 87395 | Slime:5  | XOM: divination: detect creatures
 87485 | Slime:5  | XOM: summons 2 friendly demons
 87522 | Slime:5  | XOM: smoke on damage
 87530 | Slime:5  | XOM: confuse monster(s)
 87566 | Slime:5  | XOM: potion effect (invisibility)
 87964 | Slime:5  | Found a viscous altar of Jiyva.
 88020 | Slime:5  | XOM: cast spell 'Summon Ice Beast'
 88023 | Slime:5  | Killed the Royal Jelly
 88032 | Slime:5  | XOM: confuse monster(s)
 88065 | Slime:5  | XOM: potion effect (curing)
 88393 | Slime:5  | Identified the +3 falchion "Wuan" {vorpal, +Blink rN+
                  | Str+3}
 88421 | Slime:5  | Identified the +6 gold dragon scales "Ylloc" {rPois rF+ rC+
                  | rN+}
 88439 | Slime:5  | XOM: torment (110/197 hp)
 88447 | Slime:5  | XOM: give mutation
 88447 | Slime:5  | Lost mutation: You have sharp toenails. [Xom's mischief]
 88588 | Slime:5  | Identified the +7 battleaxe of Fayp {elec, *Slow Fly rElec
                  | Str-5}
 88600 | Slime:5  | Got a slimy rune of Zot
 88601 | Slime:5  | Identified the +10 morningstar of Dishonesty {vorpal,
                  | Str+2}
 88664 | Slime:5  | Identified the +7 hand axe of Cimn {venom, Str+2}
 88667 | Slime:5  | Identified the +9 scimitar of Dismay {elec, rF+ rN+ Str+3}
 88719 | Slime:5  | XOM: give mutations
 88719 | Slime:5  | Lost mutation: You have very sharp fingernails. [Xom's
                  | mischief]
 88719 | Slime:5  | Lost mutation: You are partially covered in large bone
                  | plates. (SH +4) [Xom's mischief]
 88786 | Slime:5  | XOM: repel stairs
 88857 | Slime:5  | XOM: torment (110/197 hp)
 89393 | Zot:1    | Entered Level 1 of the Realm of Zot
 89413 | Zot:1    | Learned a level 6 spell: Summon Cactus Giant
 89752 | Zot:1    | XOM: divination: detect items
 89821 | Zot:1    | XOM: give mutations
 89821 | Zot:1    | Lost mutation: You possess an exceptional clarity of mind.
                  | [Xom's mischief]
 89821 | Zot:1    | Lost mutation: You are resistant to electric shocks.
                  | (rElec) [Xom's mischief]
 89824 | Zot:1    | XOM: cloud trail
 89898 | Zot:1    | XOM: god gift: potion of resistance
 90147 | Zot:1    | XOM: stat loss: -1 Dex (19/20)
 90176 | Zot:1    | XOM: summons 13 hostile demons
 90843 | Zot:2    | XOM: polymorph shadow dragon -> golden dragon
 91218 | Zot:2    | XOM: give mutations
 91218 | Zot:2    | Lost mutation: Your system is resistant to poisons. (rPois)
                  | [Xom's mischief]
 91218 | Zot:2    | Lost mutation: You passively map a small area around you.
                  | [Xom's mischief]
 91218 | Zot:2    | Lost mutation: Your spells are harder to cast, but more
                  | powerful. [Xom's mischief]
 91218 | Zot:2    | Lost mutation: You have a beak for a mouth. [Xom's
                  | mischief]
 91291 | Zot:2    | Noticed a Killer Klown
 91309 | Zot:2    | Killed a Killer Klown
 91310 | Zot:2    | Reached skill level 16 in Armour
 91602 | Zot:2    | XOM: silly message
 91683 | Zot:2    | XOM: cloud trail
 91992 | Zot:2    | You fall into a shaft and drop 1 floor!
 92372 | Zot:3    | XOM: 1-stop teleportation journey
 92398 | Zot:3    | XOM: 1-stop teleportation journey
 92755 | Zot:2    | XOM: noise
 93037 | Zot:3    | XOM: give mutation
 93037 | Zot:3    | Gained mutation: You have large cloven feet. [Xom's grace]
 93174 | Zot:3    | XOM: summons 13 hostile demons
 93198 | Zot:3    | XOM: 3-stop teleportation journey
 93206 | Zot:3    | XOM: enchant monster (good)
 93225 | Zot:3    | XOM: noise
 93228 | Zot:3    | XOM: silly message
 93608 | Zot:3    | Reached skill level 17 in Armour
 93620 | Zot:3    | XOM: summons 4 friendly demons
 93720 | Zot:3    | Found a shimmering altar of Xom.
 93720 | Zot:3    | Found a shimmering altar of Xom.
 93720 | Zot:3    | Noticed a Killer Klown
 93720 | Zot:3    | Noticed a Killer Klown
 93721 | Zot:3    | Found a shimmering altar of Xom.
 93747 | Zot:3    | Killed a Killer Klown
 93753 | Zot:3    | Killed a Killer Klown
 93757 | Zot:3    | XOM: cast spell 'Summon Cactus Giant'
 93771 | Zot:3    | XOM: give mutations
 93771 | Zot:3    | Lost mutation: You occasionally lose the ability to drink
                  | potions when taking damage. [Xom's mischief]
 93771 | Zot:3    | Lost mutation: Your spells are a little harder to cast, but
                  | a little more powerful. [Xom's mischief]
 93771 | Zot:3    | Lost mutation: You have sharp fingernails. [Xom's mischief]
 93814 | Zot:3    | XOM: god gift: wand of flame (4)
 94098 | Zot:3    | Found a shimmering altar of Xom.
 94403 | Zot:3    | XOM: cloud trail
 94603 | Zot:4    | XOM: swap monsters
 95086 | Zot:4    | XOM: fog
 95627 | Zot:4    | Reached skill level 18 in Armour
 96058 | Zot:4    | XOM: 1-stop teleportation journey
 96107 | Zot:4    | XOM: silly message
 96148 | Zot:4    | XOM: summons 3 hostile shadow creatures
 96671 | Zot:4    | XOM: stat loss: -1 Str (25/26)
 96804 | Zot:4    | XOM: divination: magic mapping
 97030 | Zot:1    | XOM: god gift: potion of invisibility
 97154 | D:15     | XOM: give mutation
 97154 | D:15     | Lost mutation: You have large cloven feet. [Xom's grace]
 97154 | D:15     | Gained mutation: You have sharp toenails. [Xom's grace]
 97289 | Lair:4   | XOM: god gift: ring of ice
 97361 | Slime:5  | XOM: summons 2 hostile demons
 97392 | Slime:5  | Learned a level 5 spell: Lightning Bolt
 97785 | Zot:5    | Entered Level 5 of the Realm of Zot
 97943 | Zot:4    | XOM: noise
 98180 | Zot:4    | XOM: give mutation
 98180 | Zot:4    | Lost mutation: You are almost entirely resistant to further
                  | mutation and mutation removal. [Xom's mischief]
 98520 | Zot:5    | XOM: 1-stop teleportation journey
 98535 | Zot:5    | Noticed a Killer Klown
 98535 | Zot:5    | Noticed a Killer Klown
 98535 | Zot:5    | XOM: 1-stop teleportation journey
 98538 | Zot:5    | XOM: enchant monster (bad)
 98538 | Zot:5    | Noticed an orb of fire
 98539 | Zot:5    | Noticed a juggernaut
 98539 | Zot:5    | a Killer Klown changed into a juggernaut
 98540 | Zot:5    | Gained mutation: You are frail. (-10% HP) [an orb of fire]
 98541 | Zot:5    | Noticed a dread lich
 98542 | Zot:5    | XOM: swap monsters
 98547 | Zot:5    | Noticed a Killer Klown
 98547 | Zot:5    | Noticed a dread lich
 98547 | Zot:5    | Noticed an ancient lich
 98547 | Zot:5    | Noticed an orb of fire
 98547 | Zot:5    | Noticed an orb of fire
 98549 | Zot:5    | Noticed an ancient lich
 98549 | Zot:5    | Noticed an ancient lich
 98551 | Zot:5    | Noticed a dread lich
 98552 | Zot:5    | Noticed an ancient lich
 98559 | Zot:5    | Noticed a dread lich
 98559 | Zot:5    | Noticed a dread lich
 98571 | Zot:5    | XOM: confusion
 98576 | Zot:5    | XOM: summons 7 hostile demons
 98585 | Zot:5    | XOM: blink monster(s)
 98595 | Zot:5    | XOM: polymorph ghost moth -> minotaur
 98604 | Zot:5    | XOM: repel stairs
 98637 | Zot:4    | XOM: give mutation
 98637 | Zot:4    | Lost mutation: Your flesh is almost immune to the effects
                  | of heat. (rF+++) [Xom's mischief]
 99103 | Zot:4    | XOM: give mutations
 99103 | Zot:4    | Gained mutation: You are very frail. (-20% HP) [Xom's
                  | mischief]
 99103 | Zot:4    | Lost mutation: You are highly strong-willed. (Will++)
                  | [Xom's mischief]
 99322 | Zot:4    | XOM: give mutations
 99322 | Zot:4    | Gained mutation: You are clumsy. (Dex -2) [Xom's mischief]
 99322 | Zot:4    | Lost mutation: Your flesh is very heat resistant. (rF++)
                  | [Xom's mischief]
 99335 | Zot:4    | XOM: stat loss: -1 Str (25/26)
 99486 | Zot:4    | XOM: swap monsters
 99688 | Zot:5    | XOM: confusion
 99933 | Zot:4    | XOM: summons 13 hostile demons
100565 | Orc:2    | Bought 2 potions of curing for 192 gold pieces
100565 | Orc:2    | Bought a scroll of enchant weapon for 240 gold pieces
100570 | Orc:2    | XOM: 3-stop teleportation journey
100709 | D:6      | Bought a scroll of magic mapping for 82 gold pieces
100709 | D:6      | Bought a scroll of fog for 44 gold pieces
100928 | D:14     | Bought a potion of ambrosia for 120 gold pieces
100928 | D:14     | Bought a potion of lignification for 45 gold pieces
100928 | D:14     | Bought a potion of curing for 45 gold pieces
100928 | D:14     | Bought a potion of haste for 150 gold pieces
100928 | D:14     | Bought a potion of lignification for 45 gold pieces
100928 | D:14     | Bought a potion of curing for 45 gold pieces
100928 | D:14     | Bought a potion of might for 60 gold pieces
101126 | Crypt:1  | Entered Level 1 of the Crypt
101218 | Vaults:3 | XOM: give mutations
101218 | Vaults:3 | Gained mutation: Your mind is acute. (Int +4, Str/Dex -1)
                  | [Xom's grace]
101218 | Vaults:3 | Gained mutation: Your natural rate of healing is unusually
                  | fast. [Xom's grace]
101218 | Vaults:3 | Gained mutation: Your muscles are strong. (Str +4, Int/Dex
                  | -1) [Xom's grace]
101238 | Crypt:1  | XOM: scenery: 6 doors open
101342 | Vaults:3 | XOM: summons 5 friendly demons
101470 | Crypt:1  | XOM: destruction
101485 | Crypt:1  | XOM: noise
101521 | Crypt:1  | Reached XP level 25. HP: 153/154 MP: 42/42
101607 | Crypt:1  | XOM: swap monsters
101615 | Crypt:1  | XOM: cast spell 'Monstrous Menagerie'
101617 | Crypt:1  | Reached skill level 19 in Armour
101663 | Crypt:1  | XOM: 2-stop teleportation journey
101756 | Crypt:1  | XOM: give mutation
101756 | Crypt:1  | Gained mutation: You occasionally lose the ability to read
                  | scrolls when taking damage. [Xom's mischief]
101839 | Crypt:1  | XOM: give mutations
101839 | Crypt:1  | Lost mutation: You are strong-willed. (Will+) [Xom's
                  | mischief]
101839 | Crypt:1  | Lost mutation: Your mind is acute. (Int +4, Str/Dex -1)
                  | [Xom's mischief]
101839 | Crypt:1  | Lost mutation: You occasionally lose the ability to read
                  | scrolls when taking damage. [Xom's mischief]
101839 | Crypt:1  | Lost mutation: Your flesh is heat resistant. (rF+) [Xom's
                  | mischief]
101869 | Crypt:1  | XOM: silly message
102009 | Crypt:1  | XOM: chaos cloud
102018 | Crypt:1  | XOM: enchant monster (bad)
102112 | Crypt:1  | XOM: give mutation
102112 | Crypt:1  | Lost mutation: Your natural rate of healing is unusually
                  | fast. [Xom's mischief]
102188 | Crypt:1  | XOM: fog
102392 | Crypt:2  | XOM: swap monsters
102467 | Crypt:2  | XOM: 7-stop teleportation journey
102651 | Crypt:2  | Identified the +4 scale mail of Forking Paths {rElec
                  | Regen+}
102987 | Crypt:2  | XOM: summons 2 hostile shadow creatures
102988 | Crypt:2  | XOM: summons 4 hostile demons
103245 | Crypt:2  | Reached skill level 20 in Armour
103331 | Crypt:2  | XOM: summons 13 hostile demons
103411 | Crypt:2  | XOM: 2-stop teleportation journey
103463 | Crypt:2  | Noticed an ancient lich
103479 | Crypt:2  | XOM: summons 5 hostile demons
103485 | Crypt:2  | Killed an ancient lich
103489 | Crypt:2  | XOM: confusion
103491 | Crypt:2  | XOM: give mutations
103491 | Crypt:2  | Gained mutation: You occasionally lose the ability to read
                  | scrolls when taking damage. [Xom's mischief]
103491 | Crypt:2  | Gained mutation: You are very clumsy. (Dex -4) [Xom's
                  | mischief]
103491 | Crypt:2  | Gained mutation: Your body sometimes deteriorates upon
                  | taking damage. [Xom's mischief]
103491 | Crypt:2  | Lost mutation: Your body sometimes deteriorates upon taking
                  | damage. [Xom's mischief]
103493 | Crypt:2  | HP: 8/164 [vampire mage (7)]
104341 | Crypt:2  | XOM: scenery: create altars
105366 | Zot:4    | XOM: summons 6 hostile demons
105383 | Zot:5    | XOM: cast spell 'Disjunction'
105430 | Zot:5    | XOM: cast spell 'Summon Mana Viper'
106494 | Zot:4    | Learned a level 5 spell: Summon Forest
106503 | Zot:5    | XOM: divination: detect items
106507 | Zot:4    | XOM: butterfly on damage
106518 | Zot:4    | XOM: polymorph mana viper -> shapeshifter
107027 | Zot:3    | XOM: god gift: 23 gold pieces
107036 | Zot:3    | XOM: scenery: create altars
107039 | Zot:2    | XOM: summons 2 hostile demons
107048 | Zot:2    | XOM: confusion (+ monsters)
107051 | Zot:2    | Killed from afar by an orb of fire

Illustrated notes

Levels and vault maps discovered:
D:1:      dpeg_arrival_concentric_ovals, layout_basic
D:2:      layout_loops_ring, hellmonk_ecumenical_altar_run_dry,
          grunt_ministairs_3
D:3:      layout_loops_corners, portal_sewer_entry_f
D:4:      layout_loops_cross, mainiacjoe_overflow_catwalk
D:5:      minmay_chambers_of_fours, layout_rooms, overflow_temple_1_default,
          minmay_temple_entry_purple_smoke, uniq_sigmund,
          uniq_crazy_yiuf_cottage, uniq_eustachio
D:6:      layout_basic, kennysheep_mini_moat, serial_shops, nicolae_square_shop
D:7:      lemuel_bear_cage, layout_basic, serial_shops, shop, uniq_menkaure,
          uniq_duvessa
D:8:      layout_loops_corners, nicolae_tso_besieged_by_evil, uniq_maurice,
          uniq_pikel
D:9:      hangedman_cross_veins, layout_basic, minmay_orc_entry_guard_dogs,
          enter_bailey_1
D:10:     lemuel_ice_spiral_2, layout_rooms,
          mainiacjoe_overflow_surrounded_room,
          grunt_temple_overflow_forces_of_nature, minivault_28, uniq_snorg
D:11:     layout_stronghold, david_lair_generic, uniq_nergalle
D:12:     layout_grid_maze, gammafunk_ghost_split,
          worldfamousw_hep_ancestral_shrine
D:13:     nicolae_cairo_tiling_large, layout_loops_ring, david_vaults_5,
          ebering_dispersal_statue_hall
D:14:     layout_grid_maze, minmay_misc_feat_doors, serial_shops, shop,
          uniq_agnes, uniq_kirke
D:15:     grunt_enter_depths_magical_seal, layout_layer_cave, serial_park_gazebo
          [serial_park_minivault_5x5_8], item_on_display_a
Temple:   hellmonk_temple_of_storms
Lair:1:   layout_cave_pods, dpeg_stationary_puzzle, uniq_sonja
Lair:2:   layout_loops_ring, nicolae_swamp_entry_splash_gauntlet,
          dummy_snake_entry, ebering_ghost_funeral_grove, nicolae_lair_lil_pond,
          bh_autumn_forest_stairs, chequers_serial_rivers_large_b,
          serial_bayou_shore_a
Lair:3:   layout_hall_layers
Lair:4:   lemuel_reptile_caves, layout_gridlike, slime_entry_1,
          gammafunk_ghost_hive, nicolae_lair_run_with_the_wolves, uniq_urug
Lair:5:   minmay_lair_end_frog_pond, layout_misc_corridors
Swamp:1:  layout_basic_swamp, gammafunk_ghost_wrathful_warriors,
          nicolae_swamp_some_circles, swamp_pool3, hangedman_swamp_wriggling,
          uniq_aizul
Swamp:2:  nzn_winding_woodlands_cross
          [nzn_winding_woodlands_5x15_pathside_ponds,
          nzn_winding_woodlands_5x15_sidewinder,
          nzn_winding_woodlands_5x15_pool, nzn_winding_woodlands_5x15_sawtooth,
          nzn_winding_woodlands_15x15_killbox], layout_falls_marsh,
          ebering_ghost_rock_garden, nicolae_swamp_dense_foliage
Swamp:3:  layout_falls_marsh, nicolae_swamp_small_spring,
          infiniplex_staircase_pool
Swamp:4:  swamp_basic_johnstein, layout_basic_swamp, swamp_pool2,
          nicolae_swamp_round_clearing, nicolae_swamp_godswood
Snake:1:  nrook_guardian_serpent_snake_passage, layout_rooms, minmay_shop_star
Snake:2:  layout_onion, serial_shops, nicolae_shop_overgrown_old_shop,
          grunt_megastairs_1, lemuel_fruit_tree, minmay_shop_grove
Snake:3:  layout_cave_town, serial_shops, nicolae_shop_trees,
          serial_bayou_lagoon_a, serial_nicolae_subway,
          nicolae_sub_station_crystal, nicolae_sub_station_stone,
          nicolae_sub_station_metal
Snake:4:  grunt_snake_rune_spirals, layout_onion_interference,
          gammafunk_ghost_necromancy, nicolae_shop_vocational
Slime:1:  layout_caves, cheibrodos_slime_lost_civilization_5
Slime:2:  layout_caves
Slime:3:  layout_caves
Slime:4:  cheibrodos_slime_lost_civilization_3, layout_caves
Slime:5
Orc:1:    layout_diamond_mine, nicolae_volcano_entry_two_sided
Orc:2:    grunt_orc_tribal_feast, layout_diamond_mine, special_room,
          gammafunk_ghost_cemetery
Elf:1:    layout_gridlike, hangedman_elf_disciples, nicolae_elf_altarnating,
          uniq_frances
Elf:2:    elven_hall_of_blades_hangedman_original
          [infiniplex_blade_entry_pillars], layout_geoelf_octagon, uniq_azrael,
          uniq_asterion
Elf:3:    minmay_elf_hall_four_x, layout_loops_corners, basic_altar
Vaults:1: v_alt_pattern_6, nicolae_vaults_little_squares_3,
          gammafunk_sealed_arena, nicolae_vaults_big_angled_halls, serial_ice_b,
          nicolae_vaults_shelves_hall, ontoclasm_vaults_hangar, v_misc_28,
          v_pattern_4, vaults_dpeg_diagonal, layout_vaults_maze,
          nicolae_trove_entry_path_of_doom, uniq_zenata
Vaults:2: ebering_ghost_inner_flame, grunt_vaults_hallway_long,
          nicolae_vaults_puzzle_piece, v_misc_3, nicolae_vaults_network_quincunx
          [nicolae_vaults_network_quincunx_subvault,
          nicolae_vaults_network_quincunx_subvault,
          nicolae_vaults_network_quincunx_subvault,
          nicolae_vaults_network_quincunx_subvault,
          nicolae_vaults_network_quincunx_subvault], ontoclasm_vaults_gateway,
          ontoclasm_vaults_pinch, vaults_room_pools, layout_vaults_chaotic_city,
          serial_shops, shop, shop_fountains, nicolae_shop_hallway_plus,
          uniq_margery, uniq_donald
Vaults:3: vaults_mumra_minichess_inversion, minmay_crypt_entry_skeletal_spiral,
          dpeg_vaults_monster_doublerow, hangedman_vaults_slice, v_rooms_4,
          hangedman_vaults_stretched_pinwheel,
          nicolae_vaults_windows_and_doors_thing, nicolae_vaults_little_ls,
          nicolae_vaults_network_periphery, v_misc_2, v_alt_pattern_1,
          ontoclasm_vaults_tryst, layout_vaults_omnibox, uniq_mara
Vaults:4: ontoclasm_vaults_ring_square, v_misc_3, hangedman_vaults_slice,
          hangedman_vaults_slice, nicolae_vaults_circle_grid_a, v_misc_30,
          ontoclasm_vaults_shout, nicolae_vaults_little_squares_2,
          nicolae_vaults_ninety_degrees, v_misc_9, vaults_mumra_chevron,
          vaults_room_stairs_pillars, ontoclasm_vaults_decontamination,
          v_alt_pattern_1, layout_vaults_omnicross, serial_shops, shop
Crypt:1:  layout_gridlike
Crypt:2:  minmay_guarded_unrand_majin_bo, layout_basic, grunt_megastairs_5
Depths:1: cheibrodos_poisonous_passages, layout_basic, enter_ziggurat_e,
          grunt_hell_horde, abyss_entry_crystal,
          nicolae_uskayaw_murder_on_the_dancefloor, uniq_saint_roka
Depths:2: kennysheep_blocky_hall, layout_cave_shapes,
          hangedman_abyss_entry_splay, fedhas_altar_4, serial_shops,
          nicolae_square_shop, hell_entry, rand_demon_pan_entry_8,
          kennysheep_just_a_vault
Depths:3: dreamdust_cat_pyramid, layout_long_grid, hell_entry, abyss_entry,
          minmay_misc_feat_rows, serial_shops, shop,
          infiniplex_staircase_pool_2, serial_bayou_shore_b, uniq_grunn
Depths:4: grunt_zot_entry_pinwheel, layout_cave_shapes, minmay_room_of_horrors,
          serial_shops, nicolae_shop_window_shopping,
          grunt_hell_entry_dis_grunt, hangedman_summoners_spam
Zot:1:    kennysheep_six_static_rooms, layout_basic, st_stairs_6
Zot:2:    layout_twisted_circle
Zot:3:    dreamdust_zin_vs_xom, layout_gridlike
Zot:4:    lemuel_draconian_sentries_small, layout_basic, lemuel_elevator
Zot:5:    layout_misc_corridors

Skill      XL: |  1  2  3  4  5  6  7  8  9 10 11 12 13 14 15 16 17 18 19 20 21 22 23 24 25 |
---------------+----------------------------------------------------------------------------+-----
Polearms       | 3 4 5 6 8 9 10 14 | 14.0
Armour         | 2 4 5 7 9 10 12 14 15 18 20 | 20.0
Fighting       | 4 6 7 8 10 12 14 16 18 | 18.4
Evocations     | 1 4 6 8 10 | 10.0
Dodging        | 2 4 7 10 12 14 | 14.0
Spellcasting   | 3 5 6 8 9 12 | 12.0
Stealth        | 4 6 8 |  8.0
Shields        | 5 8 9 12 17 18 | 18.0
Transmutations | 3 4 |  4.0
Translocations | 3 |  3.0
Summonings     | 4 5 6 8 11 14 | 14.0
Air Magic      | 3 4 6 8 |  8.0
Conjurations   | 3 5 12 | 12.0

Action                   |  1- 3 |  4- 6 |  7- 9 | 10-12 | 13-15 | 16-18 | 19-21 | 22-24 | 25-27 || total
-------------------------+-------+-------+-------+-------+-------+-------+-------+-------+-------++-------
Melee: Spear             |   106 |   192 |   323 |   174 |       |       |       |       |       ||   795
       Headbutt          |     8 |    16 |    53 |   105 |   432 |   298 |   551 |   880 |    88 ||  2431
       Punch             |       |     1 |     5 |     7 |       |       |       |       |       ||    13
       Trident           |       |       |       |   312 |  1681 |  1494 |  1972 |  2382 |       ||  7841
       Kick              |       |       |       |       |       |       |     5 |       |       ||     5
       Peck              |       |       |       |       |       |       |    95 |   631 |       ||   726
       Demon trident     |       |       |       |       |       |       |       |    56 |   309 ||   365
 Cast: Wereblood         |       |       |       |       |     1 |       |       |       |       ||     1
       Blink             |       |       |       |       |       |     2 |       |     1 |     3 ||     6
       Magic Dart        |       |       |       |       |       |       |    55 |     4 |       ||    59
       Swiftness         |       |       |       |       |       |       |     6 |     8 |     2 ||    16
       Summon Lightning  |       |       |       |       |       |       |       |    92 |    20 ||   112
       Summon Cactus Gia |       |       |       |       |       |       |       |    24 |     8 ||    32
       Summon Guardian G |       |       |       |       |       |       |       |    14 |     5 ||    19
       Summon Mana Viper |       |       |       |       |       |       |       |     1 |     1 ||     2
       Irradiate         |       |       |       |       |       |       |       |     1 |       ||     1
       Summon Forest     |       |       |       |       |       |       |       |       |     1 ||     1
Evoke: Piece from Xom's  |       |     3 |       |       |     1 |       |       |       |       ||     4
       Wand              |       |       |     9 |    34 |    27 |    15 |    12 |    16 |       ||   113
       Box of beasts     |       |       |       |     1 |     2 |     1 |     3 |     4 |       ||    11
       Tin of tremorston |       |       |       |       |       |       |     5 |     3 |       ||     8
       Phantom mirror    |       |       |       |       |       |       |       |     1 |       ||     1
       Condenser vane    |       |       |       |       |       |       |       |     1 |       ||     1
  Use: Scroll            |       |     6 |    17 |     9 |    20 |    11 |    11 |    22 |     3 ||    99
       Potion            |       |       |       |     3 |     8 |       |     1 |    18 |     7 ||    37
 Stab: Confused          |     2 |       |     2 |       |     4 |    10 |    13 |    15 |       ||    46
       Sleeping          |       |     3 |     2 |    12 |    32 |    32 |    47 |    61 |     4 ||   193
       Paralysed         |       |       |     2 |     2 |     4 |       |     3 |       |     2 ||    13
       Invisible         |       |       |     1 |     4 |       |       |     4 |     5 |       ||    14
       Petrifying        |       |       |     1 |       |       |       |       |       |       ||     1
       Distracted        |       |       |       |     5 |    14 |    15 |    16 |    33 |     4 ||    87
       Fleeing           |       |       |       |       |       |     1 |       |       |       ||     1
Armor: Leather armour    |    26 |    40 |    45 |       |       |       |       |       |       ||   111
       Ring mail         |       |       |    73 |   149 |   387 |   250 |   307 |   269 |       ||  1435
       Skin              |       |       |       |       |       |       |     6 |       |       ||     6
       Quicksilver drago |       |       |       |       |       |       |       |    51 |    29 ||    80
Dodge: Dodged            |    52 |    56 |    87 |   186 |   471 |   282 |   466 |   701 |    65 ||  2366
Block: Buckler           |       |       |       |     9 |   444 |   356 |       |       |       ||   809
       Kite shield       |       |       |       |       |       |   210 |   864 |       |       ||  1074
       Reflection        |       |       |       |       |       |    23 |   130 |    75 |     7 ||   235
       Tower shield      |       |       |       |       |       |       |   682 |  2873 |   328 ||  3883

Table legend: (Time is in decaauts)
 A = Elapsed time spent in this place.
 B = Non-inter-level travel time spent in this place.
 C = Inter-level travel time spent in this place.
 D = Time resting spent in this place.
 E = Time spent auto-exploring this place.
 F = Levels seen in this place.
 G = Mean time per level.
                   A        B        C        D        E       F      G
               +--------+--------+--------+--------+--------+-----+--------+
         Total | 104785 |  94513 |  10272 |  35824 |  39417 |  56 | 1871.2 |
       Dungeon |  27432 |  23680 |   3752 |   8261 |  11380 |  15 | 1828.8 |
        Temple |     40 |     40 |      0 |      0 |     22 |   1 |   40.0 |
          Lair |  10057 |   8571 |   1486 |   2582 |   4291 |   5 | 2011.4 |
         Swamp |   5720 |   5027 |    693 |   1306 |   2390 |   4 | 1430.0 |
     Snake Pit |   9866 |   9377 |    489 |   3783 |   3432 |   4 | 2466.5 |
    Slime Pits |   6240 |   5862 |    378 |   2181 |   2180 |   5 | 1248.0 |
  Orcish Mines |   4007 |   3326 |    681 |   1048 |   1402 |   2 | 2003.5 |
   Elven Halls |   6109 |   5883 |    226 |   2042 |   2562 |   3 | 2036.3 |
        Vaults |   8612 |   8070 |    542 |   2427 |   4076 |   4 | 2153.0 |
         Crypt |   3402 |   2839 |    563 |   1092 |   1194 |   2 | 1701.0 |
        Depths |  10336 |   9395 |    941 |   4175 |   3252 |   4 | 2584.0 |
           Zot |  11648 |  11132 |    516 |   6772 |   2813 |   5 | 2329.6 |
         Sewer |    492 |    492 |      0 |      0 |    179 |   1 |  492.0 |
       Volcano |    818 |    818 |      0 |    151 |    240 |   1 |  818.0 |
               +--------+--------+--------+--------+--------+-----+--------+

Top non-repeatable levels by time:
   Zot:4: 5259 daAuts
Depths:1: 4483 daAuts
     D:9: 4270 daAuts
 Snake:4: 4207 daAuts
    D:14: 3372 daAuts
   Zot:3: 3111 daAuts
  Lair:2: 3062 daAuts
   Orc:2: 2977 daAuts
   Elf:3: 2721 daAuts
 Snake:1: 2539 daAuts
 Crypt:2: 2444 daAuts
Vaults:3: 2427 daAuts
    D:11: 2181 daAuts
  Lair:4: 2163 daAuts
Vaults:2: 2148 daAuts
